Workbook

Sheet CLIENTS
A1: CLIENTS
A3: DATE | B3: N° de facture | C3: TRANSAC | D3: CLIENTS | E3: Échéances | F3: HT | G3: TVA | H3: TTC | I3: Réglé
A5: JANVIER
A6: 16.01.2025 | B6: 3654-0125 | C6: JPC250102 | D6: GEMINI | E6: 16.02.2025 | F6: 5462.25 | G6: 0 | H6: =F6+G6 -> 5462.25 | I6: Payé le 17.02.2025
A7: 20.01.2025 | B7: 3655-0125 | C7: SL250101 | D7: NEVEUX-SEBICO | E7: 15.03.2025 | F7: 16848 | G7: =F7*20% -> 3369.6 | H7: =SUM(F7:G7) -> 20217.6 | I7: Payé le 18.03.2025
A8: 20.01.2025 | B8: 3656-0125 | C8: SL250102 | D8: GVJ MATERIELS | E8: Paiement avant livraison | F8: 3250 | G8: 0 | H8: 3250 | I8: Payé 3250 € le 15.01.2025
A9: 20.01.2025 | B9: 3657-0125 | C9: JPC250101 | D9: Véolia PMG | E9: 28.02.2025 | F9: 10328 | G9: =F9*0.2 -> 2065.6 | H9: =F9+G9 -> 12393.6 | I9: Payé le 28.02.2025
A10: 21.01.2025 | B10: 3658-0125 | C10: SL250107 | D10: GEMINI | E10: 20.02.2025 | F10: 2939.26 | G10: 0 | H10: =SUM(F10:G10) -> 2939.26 | I10: Payé le 18.02.2025
A11: 23.01.2025 | B11: 3659-0125 | C11: SL250108 | D11: GEMINI | E11: 22.02.2025 | F11: 3898.2 | G11: 0 | H11: 3898.2 | I11: Payé le 20.02.2025
A12: 27.01.2025 | B12: 3660-0125 | C12: JPC250105 | D12: GEMINI | E12: 27.02.2025 | F12: 4540.9 | G12: 0 | H12: =F12+G12 -> 4540.9 | I12: Payé le 25.02.2025
A13: 31.01.2025 | B13: 3661-0125 | C13: SL250104, SL250116,SL250117 | D13: NPPM | E13: 15.03.2025 | F13: 1278 | G13: =F13*20% -> 255.6 | H13: =SUM(F13:G13) -> 1533.6 | I13: Payé le 18.03.2025
A14: 31.01.2025 | B14: 3662-0125 | C14: SL250109 | D14: TT PLAST | E14: 18.02.2025 | F14: 6145.78 | G14: 0 | H14: =SUM(F14:G14) -> 6145.78 | I14: Payé le 17.02.2025
A15: 31.01.2025 | B15: 3663-0125 | C15: SL250104, SL250116,SL250117 | D15: CHÂTEAU D'EAU | E15: 30.03.2025 | F15: 1050 | G15: =F15*20% -> 210 | H15: =SUM(F15:G15) -> 1260 | I15: Payé le 01.04.2025
A16: 31.01.2025 | B16: 3664-0125 | C16: SL250113, SL250115 | D16: ARFP | E16: 30.03.2025 | F16: 2466.25 | G16: =F16*20% -> 493.25 | H16: =SUM(F16:G16) -> 2959.5 | I16: Payé le 31.03.2025
A17: 31.01.2025 | B17: 3665-0125 | C17: SL250103, SL250106, SL250110 | D17: SFP Thermo | E17: 15.03.2025 | F17: 3530.75 | G17: =F17*20% -> 706.15 | H17: =SUM(F17:G17) -> 4236.9 | I17: Payé le 15.03.2025
A18: 31.01.2025 | B18: 3666-0125 | C18: SL250114 | D18: RECYTHERM | E18: 30.03.2025 | F18: 1783.6 | G18: =F18*20% -> 356.72 | H18: =SUM(F18:G18) -> 2140.32 | I18: Payé le 25.04.2025
A19: 31.01.2025 | B19: 3667-0125 | C19: SL250112 | D19: PLASTICOS LARROSA | E19: 02.03.2025 | F19: 6635.45 | G19: 0 | H19: =SUM(F19:G19) -> 6635.45 | I19: Payé le 25.02.2025
A20: 31.01.2025 | B20: 3668-0125 | C20: Prestations Janvier 2025 | D20: DEFEAUS | E20: 15.03.2025 | F20: 1234.88 | G20: =F20*20% -> 246.976 | H20: =SUM(F20:G20) -> 1481.856 | I20: Payé le 31.03.2025
A21: 31.01.2025 | B21: 3669-0125 | C21: Prestations Janvier 2025 | D21: EUREAUSOURCES MAROLLES | E21: 15.03.2025 | F21: 3327.64 | G21: =F21*20% -> 665.528 | H21: =SUM(F21:G21) -> 3993.168 | I21: Payé le 31.03.2025
A22: 31.01.2025 | B22: 3670-0125 | C22: Big-bags Neufs + transport | D22: EUREAU SOURCES Monteux | E22: 15.03.2025 | F22: 570 | G22: =F22*20% -> 114 | H22: =SUM(F22:G22) -> 684 | I22: Payé le 31.03.2025
A23: 31.01.2025 | B23: 3671-0125 | C23: JPC250106 | D23: Véolia PMG | E23: 31.03.2025 | F23: 11330 | G23: =F23*20% -> 2266 | H23: =SUM(F23:G23) -> 13596 | I23: Payé le 01.04.2025
A24: 31.01.2025 | B24: 3672-0125 | C24: SL250118 | D24: ARFP | E24: 30.03.2025 | F24: 48.6 | G24: =F24*0.2 -> 9.72 | H24: =F24+G24 -> 58.32 | I24: Payé le 31.03.2025
A25: 31.01.2025 | B25: 3673-0125 | C25: SL250110 (refacturation Transport) | D25: BUTIN-SEDIC | E25: 30.03.2025 | F25: 250 | G25: =F25*20% -> 50 | H25: =SUM(F25:G25) -> 300 | I25: Payé le 07.04.2025
A26: 31.01.2025 | B26: 3674-0125 | C26: SL250105, SL250111 | D26: ARFP | E26: 30.03.2025 | F26: 368.4 | G26: =F26*20% -> 73.68 | H26: =SUM(F26:G26) -> 442.08 | I26: Payé le 31.03.2025
A27: 31.01.2025 | B27: 3675-0125 | C27: SL250115 | D27: Eureausources (Monteux) | E27: 15.03.2025 | F27: 118.2 | G27: =F27*20% -> 23.64 | H27: =SUM(F27:G27) -> 141.84 | I27: Payé le 31.03.2025
A28: 31.01.2025 | B28: 3676-0125 | C28: JPC250103 | D28: RAVAGO | E28: 31.03.2025 | F28: 10373.58 | G28: 0 | H28: =SUM(F28:G28) -> 10373.58 | I28: Payé le 31.03.2025
A29: 31.01.2025 | B29: 3677-0125 | C29: JPC250104 | D29: RAVAGO | E29: 31.03.2025 | F29: 12513.4 | G29: 0 | H29: =SUM(F29:G29) -> 12513.4 | I29: Payé le 31.03.2025
A30: TOTAL | F30: =SUM(F6:F29) -> 110291.14 | G30: =SUM(G6:G29) -> 10906.464 | H30: =SUM(H6:H29) -> 121197.6
A31: FEVRIER
A32: 19.02.2025 | B32: 3678-0225 | C32: JPC250201 | D32: GEMINI | E32: 19.03.2025 | F32: 5624 | G32: 0 | H32: =F32+G32 -> 5624 | I32: Payé le 20.03.2025
A33: 28.02.2025 | B33: 3679-0125 | C33: JPC250103 | D33: RAVAGO | E33: IMMEDIAT | F33: -1804.1 | G33: 0 | H33: =F33+G33 -> -1804.1 | I33: Déduit le 31.03.2025
A34: 28.02.2025 | B34: 3680-0225 | C34: SL250202 | D34: TOUSSAC | E34: 31.03.2025 | F34: 7570.9 | G34: 0 | H34: =F34+G34 -> 7570.9 | I34: Payé le 23.04.2025
A35: 28.02.2025 | B35: 3681-0225 | C35: SL250203A | D35: TTPLAST | E35: 15.03.2025 | F35: 1366.51 | G35: 0 | H35: =F35+G35 -> 1366.51 | I35: Payé le 17.03.2025
A36: 28.02.2025 | B36: 3682-0225 | C36: SL250203B | D36: NOREVAL | E36: 31.03.2025 | F36: 90.4 | G36: =F36*0.2 -> 18.08 | H36: =F36+G36 -> 108.48 | I36: Payé le 05.03.2025
A37: 28.02.2025 | B37: 3683-0225 | C37: SL250204 | D37: GEMINI | E37: 28.03.2025 | F37: 1202.5 | G37: 0 | H37: =F37+G37 -> 1202.5 | I37: Payé le 28.03.2025
A38: 28.02.2025 | B38: 3684-0225 | C38: SL250209 | D38: GEMINI | E38: 28.03.2025 | F38: 5011.5 | G38: 0 | H38: =F38+G38 -> 5011.5 | I38: Payé le 28.03.2025
A39: 28.02.2024 | B39: 3685-0225 | C39: SL250212 | D39: PLASTICOS LARROSA | E39: 28.03.2025 | F39: 6543.43 | G39: 0 | H39: =F39+G39 -> 6543.43 | I39: Payé le 07.03.2025
A40: 28.02.2025 | B40: 3686-0225 | C40: SL250214 | D40: GEMINI | E40: 28.03.2025 | F40: 1191.25 | G40: 0 | H40: =F40+G40 -> 1191.25 | I40: Payé le 28.03.2025
A41: 28.02.2025 | B41: 3687-0225 | C41: JPC250202 | D41: GEMINI | E41: 28.03.2025 | F41: 5517.2 | G41: 0 | H41: =F41+G41 -> 5517.2 | I41: Payé le 28.03.2025
A42: 28.02.2025 | B42: 3688-0225 | C42: JPC250203 | D42: GEMINI | E42: 28.03.2025 | F42: 2080.4 | G42: 0 | H42: =F42+G42 -> 2080.4 | I42: Payé le 28.03.2025
A43: 28.02.2024 | B43: 3689-0225 | C43: JPC250204 | D43: EUREKPLAST | E43: 31.03.2025 | F43: 21814.12 | G43: 0 | H43: =F43+G43 -> 21814.12 | I43: Payé le 01.04.2025
A44: 28.02.2025 | B44: 3690-0225 | C44: JPC250207 | D44: GEMINI | E44: 28.03.2025 | F44: 5685.5 | G44: 0 | H44: =F44+G44 -> 5685.5 | I44: Payé le 28.03.2025
A45: 28.02.2025 | B45: 3691-0225 | C45: SL250206 | D45: PLASTIQUES RECYCLES DE L'OUEST | E45: 31.03.2025 | F45: 4904 | G45: 0 | H45: =F45+G45 -> 4904 | I45: Payé le 26.05.2025
A46: 28.02.2025 | B46: 3692-0225 | C46: SL250207 | D46: PLASTIQUES RECYCLES DE L'OUEST | E46: 31.03.2025 | F46: 10481.44 | G46: 0 | H46: =F46+G46 -> 10481.44 | I46: Payé le 23.04.2025
A47: 28.02.2025 | B47: 3693-0225 | C47: JPC250106 | D47: Véolia PMG | E47: IMMEDIAT | F47: -323.4 | G47: =F47*0.2 -> -64.68 | H47: =F47+G47 -> -388.08 | I47: Déduit le 01.04.2025-Avoir sur facture nº3671-0125 suite erreur s/poids facturé
A48: 28.02.2025 | B48: 3694-0225 | C48: SFP Février 2025 | D48: SFP Thermo | E48: 15.04.2025 | F48: 7289.5 | G48: =F48*0.2 -> 1457.9 | H48: =F48+G48 -> 8747.4 | I48: Payé le 15.04.2025
A49: 28.02.2025 | B49: 3695-0225 | C49: JPC250205 | D49: ARFP | E49: 30.04.2025 | F49: 180.05 | G49: =F49*0.2 -> 36.01 | H49: =F49+G49 -> 216.06 | I49: Payé le 16.07.2025
A50: 28.02.2025 | B50: 3696-0225 | C50: Prestations Février 2025 | D50: EUREAUSOURCES MAROLLES | E50: 15.04.2025 | F50: 3903.06 | G50: =F50*0.2 -> 780.612 | H50: =F50+G50 -> 4683.672 | I50: Payé le 30.04.2025
A51: 28.02.2025 | B51: 3697-0225 | C51: Prestations Février 2025 | D51: DEFEAUS HERMES | E51: 15.04.2025 | F51: 727 | G51: =F51*0.2 -> 145.4 | H51: =F51+G51 -> 872.4 | I51: Payé le 15.04.2025
A52: TOTAL | F52: =SUM(F32:F51) -> 89055.26 | G52: =SUM(G32:G51) -> 2373.322 | H52: =SUM(H32:H51) -> 91428.582
A53: MARS
A54: 19.03.2025 | B54: 3698-0325 | C54: JPC250301 | D54: PMG | E54: 30.04.2025 | F54: 9835.65 | G54: =F54*0.2 -> 1967.13 | H54: =F54+G54 -> 11802.78 | I54: Payé le 30.04.2025
A55: 19.03.2025 | B55: 3699-0325 | C55: JPC250302 | D55: GEMINI | E55: 19.04.2025 | F55: 5343.2 | G55: 0 | H55: =F55+G55 -> 5343.2 | I55: Payé le 16.04.2025
A56: 19.03.2025 | B56: 3700-0325 | C56: JPC250304 | D56: PMG | E56: 30.04.2025 | F56: 12118.5 | G56: =F56*0.2 -> 2423.7 | H56: =F56+G56 -> 14542.2 | I56: Payé le 30.04.2025
A57: 19.03.2025 | B57: 3701-0325 | C57: JPC250305 | D57: REVIPLAST | E57: 05.05.2025 | F57: 312.9 | G57: 0 | H57: =F57+G57 -> 312.9 | I57: Payé le 05.05.2025
A58: 19.03.2025 | B58: 3702-0325 | C58: JPC250306 | D58: GEMINI | E58: 19.04.2025 | F58: 2339.2 | G58: 0 | H58: =F58+G58 -> 2339.2 | I58: Payé le 16.04.2025
A59: 19.03.2025 | B59: 3703-0325 | C59: JPC250307 | D59: GEMINI | E59: 19.04.2025 | F59: 3403.3 | G59: 0 | H59: =F59+G59 -> 3403.3 | I59: Payé le 16.04.2025
A60: 19.03.2025 | B60: 3704-0325 | C60: JPC250307 | D60: REVIPLAST | E60: 05.05.205 | F60: 43.2 | G60: 0 | H60: =F60+G60 -> 43.2 | I60: Payé le 05.05.2025
A61: 19.03.2025 | B61: 3705-0325 | C61: JPC250308 | D61: TOUSSAC | E61: 30.04.2025 | F61: 5797.6 | G61: 0 | H61: =F61+G61 -> 5797.6 | I61: Payé le 14.05.2025
A62: 19.03.2025 | B62: 3706-0325 | C62: JPC250310 | D62: TTPLAST | E62: 03.04.2025 | F62: 8089.31 | G62: 0 | H62: =F62+G62 -> 8089.31 | I62: Payé le 31.03.2025
A63: 20.03.2025 | B63: 3707-0325 | C63: SL250211 | D63: BUTIN | E63: 20.05.2025 | F63: 500 | G63: =F63*0.2 -> 100 | H63: =F63+G63 -> 600 | I63: Annulé par avoir nº3793-0725-Transport sur enlèvement matières CHANEL
A64: 21.03.2025 | B64: 3708.0325 | C64: JPC250309 | D64: NPPM | E64: 06.05.2025 | F64: 333 | G64: =F64*0.2 -> 66.6 | H64: =F64+G64 -> 399.6 | I64: Payé le 14.05.2025
A65: 21.03.2025 | B65: 3709-0325 | C65: JPC250312 | D65: GVJ | E65: IMMEDIAT | F65: 3250 | G65: 0 | H65: =F65+G65 -> 3250 | I65: Payé le 16.03.2025
A66: 21.03.2025 | B66: 3710-0325 | C66: JPC250317 & 18 | D66: PAPI | E66: 31.04.2025 | F66: 8363.3 | G66: 1672.66 | H66: =F66+G66 -> 10035.96 | I66: Payé le 28.04.2025
A67: 25.03.2025 | B67: 3711-0325 | C67: JPC250311 | D67: GEMINI | E67: 25.04.2025 | F67: 5714.7 | G67: 0 | H67: =F67+G67 -> 5714.7 | I67: Payé le 25.04.2025
A68: 25.03.2025 | B68: 3712-0325 | C68: JPC250320 | D68: GEMINI | E68: 25.04.2025 | F68: 5577 | G68: 0 | H68: =F68+G68 -> 5577 | I68: Payé le 02.05.2025
A69: 25.03.2025 | B69: 3713-0325 | C69: JPC250313 | D69: GEMINI | E69: 25.04.2025 | F69: 5070.7 | G69: 0 | H69: =F69+G69 -> 5070.7 | I69: Payé le 25.04.2025
A70: 31.03.2025 | B70: 3714-0325 | C70: JPC250314 | D70: PMG | E70: 30.04.2025 | F70: 8569.65 | G70: =F70*0.2 -> 1713.93 | H70: =F70+G70 -> 10283.58 | I70: Payé le 30.04.2025
A71: 31.03.2025 | B71: 3715-0325 | C71: Prestations Mars 25 | D71: EUREAU SOURCES MAROLLES | E71: 15.05.2025 | F71: 2325 | G71: 465 | H71: =F71+G71 -> 2790 | I71: Payé le 02.06.2025
A72: 31.03.2025 | B72: 3716-0325 | C72: Prestations Mars 25 | D72: DEFEAUS HERMES | E72: 15.05.2025 | F72: 709 | G72: =F72*0.2 -> 141.8 | H72: =F72+G72 -> 850.8 | I72: Payé le 15.05.2025
A73: 31.03.2025 | B73: 3717-0325 | C73: JPC250322 | D73: CHATEAU D'EAU | E73: 31.05.2025 | F73: 370 | G73: =F73*0.2 -> 74 | H73: =F73+G73 -> 444 | I73: Payé le 02.06.2025
A74: 31.03.2025 | B74: 3718-0325 | C74: JPC250309 | D74: CHATEAU D'EAU | E74: 31.05.2025 | F74: 392 | G74: =F74*0.2 -> 78.4 | H74: =F74+G74 -> 470.4 | I74: Payé le 02.06.2025
A75: 31.03.2025 | B75: 3719-0325 | C75: JPC250305 | D75: CHATEAU D'EAU | E75: 31.05.2025 | F75: 480 | G75: =F75*0.2 -> 96 | H75: =F75+G75 -> 576 | I75: Payé le 02.06.2025
A76: 31.03.2025 | B76: 3720-0325 | C76: JPC250315, 250319, 250321 | D76: SFP | E76: 15.05.2025 | F76: 3517.5 | G76: =F76*0.2 -> 703.5 | H76: =F76+G76 -> 4221 | I76: Payé le 19.05.2025
A77: 31.03.2025 | B77: 3721-0325 | C77: JPC250316 | D77: ARFP | E77: 31.05.2025 | F77: 875 | G77: =F77*0.2 -> 175 | H77: =F77+G77 -> 1050 | I77: Payé le 02.06.2025
A78: 31.03.2025 | B78: 3722-0325 | C78: JPC250303 | D78: CIFRA | E78: 15.05.2025 | F78: 6929.92 | G78: =F78*0.2 -> 1385.984 | H78: =F78+G78 -> 8315.904
A79: 31.03.2025 | B79: 3723-0325 | C79: JPC250322 | D79: NOREVAL | E79: 30.04.2025 | F79: 586 | G79: =F79*0.2 -> 117.2 | H79: =F79+G79 -> 703.2 | I79: Payé le 05.05.2025
A80: 31.03.2025 | B80: 3724-0325 | C80: JPC250323 | D80: BUTIN | E80: 30.05.2025 | F80: 818.75 | G80: =F80*0.2 -> 163.75 | H80: =F80+G80 -> 982.5 | I80: Payé le 18.07.2025
A81: 31.03.2025 | B81: 3725-0325 | C81: JPC250317-Échange caisses PAPI | D81: PAPI | E81: 15.05.2025 | F81: 2165 | G81: =F81*0.2 -> 433 | H81: =F81+G81 -> 2598 | I81: Payé le 13.05.2025
A82: TOTAL | F82: =SUM(F54:F81) -> 103829.38 | G82: =SUM(G54:G81) -> 11777.654 | H82: =SUM(H54:H81) -> 115607.03
A83: AVRIL
A84: 02.04.2025 | B84: 3726-0425 | C84: JPC250403 | D84: TTPLAST | E84: 15.04.2025 | F84: 8951.71 | G84: 0 | H84: =F84+G84 -> 8951.71 | I84: Payé le 28.04.2025
A85: 10.04.2025 | B85: 3727-0425 | C85: JPC250405 | D85: GEMINI | E85: 10.05.2025 | F85: 4367 | G85: 0 | H85: =F85+G85 -> 4367 | I85: Payé le 08.05.2025
A86: 15.04.2025 | B86: 3728-0425 | C86: JPC250401 | D86: Véolia PMG | E86: 31.05.2025 | F86: 11198 | G86: =F86*0.2 -> 2239.6 | H86: =F86+G86 -> 13437.6 | I86: Payé le 30.05.2025
A87: 15.04.2025 | B87: 3729-0425 | C87: JPC250402 | D87: Véolia PMG | E87: 31.05.2025 | F87: 12267.5 | G87: =F87*0.2 -> 2453.5 | H87: =F87+G87 -> 14721 | I87: Payé le 30.05.2025
A88: 15.04.2025 | B88: 3730-0425 | C88: JPC250408 | D88: NEVEUX | E88: 15.06.2025 | F88: 15924 | G88: =F88*0.2 -> 3184.8 | H88: =F88+G88 -> 19108.8 | I88: Payé le 19.06.2025 - AV nº3733
A89: 16.04.2025 | B89: 3731-0425 | C89: JPC250410 | D89: GEMINI | E89: 16.05.2025 | F89: 5157.8 | G89: 0 | H89: =F89+G89 -> 5157.8 | I89: Payé le 15.05.2025
A90: 25.04.2025 | B90: 3732-0425 | C90: JPC250414 | D90: TTPLAST | E90: 09.05.2025 | F90: 7019.94 | G90: 0 | H90: =F90+G90 -> 7019.94 | I90: Payé le 12.05.2025
A91: 28.04.2025 | B91: 3733-0425 | C91: Avoir S/3730 | D91: NEVEUX | E91: IMMEDIAT | F91: -400 | G91: -80 | H91: =F91+G91 -> -480 | I91: Déduit le 19.06.2025 s/fac 3730
A92: 28.04.2025 | B92: 3734-0425 | C92: JPC250403 - Refacturation escompte | D92: TTPLAST | E92: IMMEDIAT | F92: 182.69 | G92: 0 | H92: =F92+G92 -> 182.69 | I92: Annulé par l'avoir nº3762-0625
A93: 28.04.2025 | B93: 3735-0425 | C93: JPC250415 | D93: GEMINI | E93: 28.05.2025 | F93: 6184.8 | G93: 0 | H93: =F93+G93 -> 6184.8 | I93: Payé le 28.05.2025
A94: 30.04.2025 | B94: 3736-0425 | C94: JPC250416 | D94: GEMINI | E94: 02.06.2025 | F94: 5107.5 | G94: 0 | H94: =F94+G94 -> 5107.5 | I94: Payé le 03.06.2025
A95: 30.04.2025 | B95: 3737-0425 | C95: JPC250418 | D95: GEMINI | E95: 02.06.2025 | F95: 2358.4 | G95: 0 | H95: =F95+G95 -> 2358.4 | I95: Payé le 03.06.2025
A96: 30.04.2025 | B96: 3738-0425 | C96: JPC250413 | D96: RAVAGO | E96: 30.06.2025 | F96: 17117.25 | G96: 0 | H96: =F96+G96 -> 17117.25 | I96: Payé le 22.07.2025 -Av nº3780
A97: 30.04.2025 | B97: 3739-0425 | C97: JPC250419 | D97: GEMINI | E97: 30.05.2025 | F97: 1967.6 | G97: 0 | H97: =F97+G97 -> 1967.6 | I97: Payé le 28.05.2025
A98: 30.04.2025 | B98: 3740-0425 | C98: JPC250412 | D98: PAPI | E98: 15.06.2025 | F98: 3009.6 | G98: =F98*0.2 -> 601.92 | H98: =F98+G98 -> 3611.52 | I98: Payé le 13.06.2025
A99: 30.04.2025 | B99: 3741-0425 | C99: JPC250407, 250411 & 250412 | D99: ARFP | E99: 30.06.2025 | F99: 1021.64 | G99: =F99*0.2 -> 204.328 | H99: =F99+G99 -> 1225.968 | I99: Payé le 01.07.2025
A100: 30.04.2025 | B100: 3742-0425 | C100: JPC250324,406,409,0411,0417,0420 | D100: SFP | E100: 15.06.2025 | F100: 6859.75 | G100: =F100*0.2 -> 1371.95 | H100: =F100+G100 -> 8231.7 | I100: Payé le 18.06.2025
A101: 30.04.2025 | B101: 3743-0425 | C101: JPC250404 | D101: REVIPLAST | E101: 15.06.2025 | F101: 988.4 | G101: =F101*0.2 -> 197.68 | H101: =F101+G101 -> 1186.08 | I101: Payé le 16.06.2025
A102: 30.04.2025 | B102: 3744-0425 | C102: JPC250412 | D102: PAPI | E102: 16.06.2025 | F102: 586.3 | G102: =F102*0.2 -> 117.26 | H102: =F102+G102 -> 703.56 | I102: Payé le 13.06.2025
...

Sheet FOURNISSEURS
A1: FOURNISSEURS
A3: DATE | B3: N° de facture | C3: TRANSAC | D3: FOURNISSEUR | E3: Échéances | F3: HT | G3: TVA | H3: TTC | I3: Réglé
A5: JANVIER
A6: 06.01.2025 | B6: FA009002 | C6: JPC250101 | D6: REVIPLAST | E6: 20.02.2025 | F6: 9271.17 | G6: =F6*0.2 -> 1854.234 | H6: =F6+G6 -> 11125.404 | I6: Payé pour échéance le 19.02.2025
A7: 14.01.2025 | B7: 25000131 | C7: Achat matière EureauSources Marolles / Déc 24 | D7: EUREAU SOURCES MAROLLES | E7: 28.02.2025 | F7: 133.6 | G7: 0 | H7: 133.6 | I7: Payé le 24.02.2025 pour échéance
A8: 14.01.2025 | B8: 25000130 | C8: SL241202 | D8: EUREAU SOURCES (St Hippo) | E8: 28.02.2025 | F8: 1027.6 | G8: 0 | H8: 1027.6 | I8: Payé le 24.02.2025 pour échéance
A9: 14.01.2025 | B9: FA009010 | C9: JPC250102 | D9: REVIPLAST | E9: 28.02.2025 | F9: 4012.8 | G9: =F9*0.2 -> 802.56 | H9: =F9+G9 -> 4815.36 | I9: Payé le 24.02.2025 pour échéance
A10: 20.01.2025 | B10: FA114077 | C10: Achats Matières Déc. 2024 | D10: DEFEAUS Hermes | E10: 28.02.2025 | F10: 40.4 | G10: =F10*20% -> 8.08 | H10: =SUM(F10:G10) -> 48.48 | I10: Payé le 24.02.2025 pour échéance
A11: 23.01.2025 | B11: 25000237 | C11: SL241019 | D11: EUREAUSOURCES ( Monteux) | E11: 28.02.2025 | F11: 117 | G11: 0 | H11: 117 | I11: Payé le 24.02.2025 pour échéance
A12: 23.01.2025 | B12: 25000238 | C12: Achats Matières Novembre Marolles 60 | D12: Eureausources ( marolles) | E12: 28.02.2025 | F12: 122.8 | G12: 0 | H12: 122.8 | I12: Payé le 24.02.2025 pour échéance
A13: 24.01.2025 | B13: 1250014 | C13: SL250108 | D13: F.E.R | E13: 23.02.2025 | F13: 3185.48 | G13: 0 | H13: =SUM(F13:G13) -> 3185.48 | I13: Payé pour échéance le 19.02.2025
A14: 24.01.2025 | B14: FA009023 | C14: JPC250105 | D14: REVIPLAST | E14: 10.03.2025 | F14: 1932.2 | G14: =F14*0.2 -> 386.44 | H14: =F14+G14 -> 2318.64 | I14: Payé le 10.03.2025
A15: 29.01.2025 | B15: FA009037 | C15: JPC250104 | D15: REVIPLAST | E15: 15.03.2025 | F15: 10601.08 | G15: =F15*0.2 -> 2120.216 | H15: =F15+G15 -> 12721.296 | I15: Annulé par avoir FV000414
A16: 29.01.2025 | B16: FA009035 | C16: JPC250103 | D16: REVIPLAST | E16: 15.03.2025 | F16: 8749.88 | G16: =F16*0.2 -> 1749.976 | H16: =F16+G16 -> 10499.856 | I16: Payé le 17.03.2025 - avoir nºFV000412 déduit
A17: 29.01.2025 | B17: FA009034 | C17: JPC250106 | D17: REVIPLAST | E17: 15.03.2025 | F17: 9905.94 | G17: =F17*0.2 -> 1981.188 | H17: =F17+G17 -> 11887.128 | I17: Payé le 17.03.2025
A18: 30.01.2025 | B18: 903051 | C18: SL250109 | D18: ARFP | E18: 30.03.2025 | F18: 818.25 | G18: 0 | H18: 818.25 | I18: Payé le 31.03.2025
A19: 30.01.2025 | B19: 903045 | C19: SL250112 | D19: ARFP | E19: 30.03.2025 | F19: 2579.75 | G19: 130.35 | H19: =SUM(F19:G19) -> 2710.1 | I19: Payé le 31.03.2025
A20: 30.01.2025 | B20: 903044 | C20: SL250101 | D20: ARFP | E20: 30.03.2025 | F20: 13267.8 | G20: =F20*20% -> 2653.56 | H20: =F20+G20 -> 15921.36 | I20: Payé le 31.03.2025
A21: TOTAL | F21: =SUM(F6:F20) -> 65765.75 | G21: =SUM(G6:G20) -> 11686.604 | H21: =SUM(H6:H20) -> 77452.354
A22: FEVRIER
A23: 05.02.2025 | B23: FA009108 | C23: JPC250201 | D23: REVIPLAST | E23: 22.03.2025 | F23: 4527.55 | G23: =F23*0.2 -> 905.51 | H23: =F23+G23 -> 5433.06 | I23: Payé le 24.03.2025
A24: 12.02.2025 | B24: FC4077 | C24: SL250118 | D24: PAPI | E24: 15.03.2025 | F24: 24.3 | G24: 4.86 | H24: =SUM(F24:G24) -> 29.16 | I24: Payé le 17.03.2025
A25: 18.02.2025 | B25: 25000616 | C25: SL250107 | D25: EUREAUSOURCES | E25: 31.03.2025 | F25: 1271.2 | G25: 0 | H25: =F25+G25 -> 1271.2 | I25: Payé le 31.03.2025
A26: 18.02.2025 | B26: 903064 | C26: SL250202 | D26: ARFP | E26: 15.04.2025 | F26: 4325.25 | G26: 135 | H26: =F26+G26 -> 4460.25 | I26: Payé le 14.04.2025
A27: 19.02.2025 | B27: 25000639 | C27: Achats matières Janvier | D27: Eureausources Marolles | E27: 31.03.2025 | F27: 545.6 | G27: 0 | H27: =F27+G27 -> 545.6 | I27: Payé le 31.03.2025
A28: 20.02.2025 | B28: FA009146 | C28: JPC250202 | D28: REVIPLAST | E28: 06.04.2025 | F28: 4124.2 | G28: =F28*0.2 -> 824.84 | H28: =F28+G28 -> 4949.04 | I28: Payé le 08.04.2025
A29: 24.02.2025 | B29: 903067 | C29: SL250212 | D29: ARFP | E29: 15.04.2024 | F29: 2364.28 | G29: 0 | H29: =F29+G29 -> 2364.28 | I29: Payé le 14.04.2025- avoir nº903072 Déduit
A30: 24.02.2025 | B30: FV000412 | C30: JPC250103 | D30: REVIPLAST | E30: IMMEDIAT | F30: -2345.33 | G30: =F30*0.2 -> -469.066 | H30: =F30+G30 -> -2814.396 | I30: Déduit de la facture FA009035
A31: 25.02.2025 | B31: 903072 | C31: SL250212 | D31: ARFP | E31: IMMEDIAT | F31: -16.28 | G31: 0 | H31: =F31+G31 -> -16.28 | I31: Déduit le 14.04.2025 s/fac 903067
A32: 25.02.2025 | B32: 903073 | C32: BAF poubelles | D32: ARFP | E32: 30.04.2025 | F32: 2034.2 | G32: 6.84 | H32: =F32+G32 -> 2041.04 | I32: Payé le 05.05.2025
A33: 26.02.2025 | B33: CIN0139738 | C33: JPC250204 | D33: FLEXICO | E33: 28.03.2025 | F33: 21091 | G33: =F33*0.2 -> 4218.2 | H33: =F33+G33 -> 25309.2 | I33: Payé le 31.03.2025
A34: 26.02.2025 | B34: FA114246 | C34: Achats matières Janvier 25 | D34: DEFEAUS Hermes | E34: 31.03.2025 | F34: 16 | G34: =F34*0.2 -> 3.2 | H34: =F34+G34 -> 19.2 | I34: Payé le 31.03.2025
A35: 28.02.2025 | B35: FV000414 | C35: JPC250104 | D35: REVIPLAST | E35: IMMEDIAT | F35: -10601.08 | G35: =F35*0.2 -> -2120.216 | H35: =F35+G35 -> -12721.296 | I35: Annule la facture F009037
A36: 28.02.2025 | B36: FA009181 | C36: JPC250104 | D36: REVIPLAST | E36: 14.04.2025 | F36: 10220.63 | G36: =F36*0.2 -> 2044.126 | H36: =F36+G36 -> 12264.756 | I36: Payé le 14.03.2025
A37: 28.02.2025 | B37: EE250474 | C37: SL250206 & SL250207 | D37: EDOVA | E37: 28.03.2025 | F37: 12749.84 | G37: 0 | H37: =F37+G37 -> 12749.84 | I37: Payé le 31.03.2025
A38: 28.02.2025 | B38: FA009169 | C38: JPC250302 | D38: REVIPLAST | E38: 14.04.2025 | F38: 3089.75 | G38: =F38*0.2 -> 617.95 | H38: =F38+G38 -> 3707.7 | I38: Payé le 14.03.2025
A39: 28.02.2025 | B39: FA009168 | C39: JPC250207 | D39: REVIPLAST | E39: 14.04.2025 | F39: 4064.6 | G39: =F39*0.2 -> 812.92 | H39: =F39+G39 -> 4877.52 | I39: Payé le 14.03.2025
A40: 28.02.2025 | B40: 02250197 | C40: JPC250209 | D40: FER | E40: 28.03.2025 | F40: 4291 | G40: 0 | H40: =F40+G40 -> 4291 | I40: Payé le 31.03.2025
A41: TOTAL | F41: =SUM(F23:F40) -> 61776.71 | G41: =SUM(G23:G40) -> 6984.164 | H41: =SUM(H23:H40) -> 68760.874
A42: MARS
A43: 03.03.2025 | B43: FA009229 | C43: JPC250301 | D43: REVIPLAST | E43: 17.04.2025 | F43: 8762.67 | G43: =F43*0.2 -> 1752.534 | H43: =F43+G43 -> 10515.204 | I43: Payé le 22.04.2025
A44: 06.03.2025 | B44: FA009241 | C44: JPC250307 | D44: REVIPLAST | E44: 20.04.2025 | F44: 2138.4 | G44: 427.68 | H44: =F44+G44 -> 2566.08 | I44: Payé le 22.04.2025
A45: 11.03.2025 | B45: FA009251 | C45: JPC250303 | D45: REVIPLAST | E45: 25.04.2025 | F45: 5630.56 | G45: =F45*0.2 -> 1126.112 | H45: =F45+G45 -> 6756.672 | I45: Attention, ne pas payer ! PB de qualité
A46: 13.03.2025 | B46: FA009258 | C46: JPC250313 | D46: REVIPLAST | E46: 27.04.2025 | F46: 3289.1 | G46: 657.82 | H46: =F46+G46 -> 3946.92 | I46: Payé le 28.04.2025
A47: 20.03.2025 | B47: FA009273 | C47: JPC250320 | D47: REVIPLAST | E47: 04.05.2025 | F47: 3953.6 | G47: 790.72 | H47: =F47+G47 -> 4744.32 | I47: Payé le 05.05.2025
A48: 26.03.2025 | B48: FA114341 | C48: BRM Février | D48: DEFEAUS | E48: 11.05.2025 | F48: 51.6 | G48: 10.32 | H48: =F48+G48 -> 61.92 | I48: Payé le 12.05.2025
A49: 26.03.2025 | B49: FA009287 | C49: JPC250314 | D49: REVIPLAST | E49: 10.05.2025 | F49: 7542.58 | G49: =F49*0.2 -> 1508.516 | H49: =F49+G49 -> 9051.096 | I49: Payé le 12.05.2025
A50: 27.03.2025 | B50: 3250012 | C50: JPC250311 | D50: FER | E50: 27.04.2025 | F50: 4853.4 | G50: 0 | H50: =F50+G50 -> 4853.4 | I50: Payé le 28.04.2025
A51: 31.03.2025 | B51: 903104 | C51: JPC250318 TAF PAPI | D51: ARFP | E51: 15.05.2025 | F51: 1276 | G51: 0 | H51: =F51+G51 -> 1276 | I51: Payé le 02.06.2025
A52: 31.03.2025 | B52: F-2503-0491 | C52: JPC250308 | D52: VACHER | E52: 15.05.2025 | F52: 3264.8 | G52: 0 | H52: =F52+G52 -> 3264.8 | I52: Payé le 12.05.2025 pour échéance
A53: 31.03.2025 | B53: F-2503-0490 | C53: JPC250308 & JPC250309 | D53: VACHER | E53: 15.05.2025 | F53: 11371.1 | G53: =F53*0.2 -> 2274.22 | H53: =F53+G53 -> 13645.32 | I53: Payé le 12.05.2025 pour échéance
A54: 31.03.2025 | B54: RC0325140 | C54: JPC250203 | D54: DCDIS CORBIE | E54: 30.04.2025 | F54: 812 | G54: 162.4 | H54: =F54+G54 -> 974.4 | I54: ANNULÉE SUITE AVOIR RC0425141
A55: 31.03.2025 | B55: FAC/2025/00066 | C55: JPC250323 | D55: NOREVAL | E55: 30.04.2025 | F55: 218.75 | G55: 43.75 | H55: =F55+G55 -> 262.5 | I55: Payé le 05.05.2025
A56: TOTAL | F56: =SUM(F43:F55) -> 53164.56 | G56: =SUM(G43:G55) -> 8754.072 | H56: =SUM(H43:H55) -> 61918.632
A57: AVRIL
A58: 01.04.2025 | B58: P/BBOR501664 | C58: PC marolles-Evacuation | D58: BUTIN | E58: 31.05.2025 | F58: 1020.18 | G58: 204.04 | H58: =F58+G58 -> 1224.22 | I58: Payé le 02.06.2025
A59: 01.04.2025 | B59: V/BBOR501640 | C59: Chanel Février | D59: BUTIN | E59: 31.05.2025 | F59: 3820.9 | G59: 0 | H59: =F59+G59 -> 3820.9 | I59: Payé le 02.06.2025
A60: 01.04.2025 | B60: V/BBOR501655 | C60: Chanel Mars | D60: BUTIN | E60: 31.05.2025 | F60: 1394.05 | G60: 0 | H60: =F60+G60 -> 1394.05 | I60: Payé le 02.06.2025
A61: 01.04.2025 | B61: V/BBOR501681 | C61: JPC250310 | D61: BUTIN | E61: 31.05.2025 | F61: 7222.6 | G61: 0 | H61: =F61+G61 -> 7222.6 | I61: Payé le 02.06.2025
A62: 07.04.2025 | B62: FA009390 | C62: JPC250401 | D62: REVIPLAST | E62: 22.05.2025 | F62: 10078.2 | G62: =F62*0.2 -> 2015.64 | H62: =F62+G62 -> 12093.84 | I62: Payé le 20.05.2025 pour échéance
A63: 07.04.2025 | B63: FA009393 | C63: JPC250405 | D63: REVIPLAST | E63: 22.05.2025 | F63: 220.8 | G63: =F63*0.2 -> 44.16 | H63: =F63+G63 -> 264.96 | I63: Payé le 20.05.2025 pour échéance
A64: 14.04.2025 | B64: FA009405 | C64: JPC250410 | D64: REVIPLAST | E64: 29.05.2025 | F64: 3575.2 | G64: =F64*0.2 -> 715.04 | H64: =F64+G64 -> 4290.24 | I64: Payé le 26.05.2025 pour échéance
A65: 16.04.2025 | B65: 903109 | C65: JPC250408 | D65: ARFP | E65: 30.06.2025 | F65: 13195.4 | G65: =F65*0.2 -> 2639.08 | H65: =F65+G65 -> 15834.48 | I65: Payé le 30.06.2025
A66: 24.04.2025 | B66: BIV-F-2504-0576 | C66: JPC250402 | D66: VACHER | E66: 24.05.2025 | F66: 10672.73 | G66: =F66*0.2 -> 2134.546 | H66: =F66+G66 -> 12807.276 | I66: Payé le 20.05.2025 pour échéance
A67: 24.04.2025 | B67: FA009426 | C67: JPC250413 | D67: REVIPLAST | E67: 08.06.2024 | F67: 13443.99 | G67: =F67*0.2 -> 2688.798 | H67: =F67+G67 -> 16132.788 | I67: Payé le 01.12.2025 - AVFV00451
A68: 29.04.2025 | B68: FA114491 | C68: BRM MARS | D68: DEFEAUS | E68: 29.05.2025 | F68: 188.8 | G68: =F68*0.2 -> 37.76 | H68: =F68+G68 -> 226.56 | I68: Payé le 26.05.2025 pour échéance
A69: 30.04.2025 | B69: 04250159 | C69: JPC250416 | D69: FER | E69: 30.05.2025 | F69: 4410 | G69: 0 | H69: =F69+G69 -> 4410 | I69: Payé le 02.06.2025
A70: 30.04.2025 | B70: 903127 | C70: JPC250412 | D70: ARFP | E70: 15.06.2025 | F70: 1858.9 | G70: 0 | H70: =F70+G70 -> 1858.9 | I70: Payé le 16.06.2025-TAF PAPI - AVRIL
A71: 30.04.2025 | B71: FA009449 | C71: JPC250415 | D71: REVIPLAST | E71: 14.06.2025 | F71: 4025.1 | G71: =F71*0.2 -> 805.02 | H71: =F71+G71 -> 4830.12 | I71: Payé le 16.06.2025
A72: 30.04.2025 | B72: P/BBOR501897 | C72: C.E.T | D72: BUTIN | E72: 29.06.2025 | F72: 258.72 | G72: =F72*0.2 -> 51.744 | H72: =F72+G72 -> 310.464 | I72: Payé le 26.05.2025 - Enfouissement PC Marolles
A73: 30.04.2025 | B73: P/BBOR501931 | D73: BUTIN | E73: IMMEDIAT | F73: -337.92 | G73: -67.58 | H73: =F73+G73 -> -405.5 | I73: Avoir s/facture P/BBOR501897 déduit le 30.06.2025
A74: 30.04.2025 | B74: RC0425142 | C74: JPC250203 | D74: DCDIS CORBIE | E74: 30.05.2025 | F74: 460.66 | G74: =F74*0.2 -> 92.132 | H74: =F74+G74 -> 552.792 | I74: Payé le 20.05.2025
A75: 30.04.2025 | B75: RC0425141 | C75: JPC250203 | D75: DCDIS CORBIE | E75: 30.05.2025 | F75: -812 | G75: =F75*0.2 -> -162.4 | H75: =F75+G75 -> -974.4 | I75: Annule facture nºRC0325140
A76: 30.04.2025 | B76: FR000206 | C76: JPC250405 | D76: REVIPLAST | E76: IMMEDIAT | F76: -220.8 | G76: =F76*0.2 -> -44.16 | H76: =F76+G76 -> -264.96 | I76: Avoir s/facture FA009393 déduit le 07.07.2025 s/FA009448
A77: 30.04.2025 | B77: F009448 | C77: JPC250405 | D77: REVIPLAST | E77: 14.06.2025 | F77: 2208 | G77: =F77*0.2 -> 441.6 | H77: =F77+G77 -> 2649.6 | I77: Payé le 07.07.2025-AV FR000206
A78: 30.06.2025 | B78: V/BBOR503226 | C78: JPC250603,05,10,12,13,16,21 | D78: BUTIN | E78: 29.08.2025 | F78: 9302.05 | G78: 0 | H78: =F78+G78 -> 9302.05 | I78: Payé le 02.09.2025
A79: TOTAL | F79: =SUM(F58:F78) -> 85985.56 | G79: =SUM(G58:G78) -> 11595.42 | H79: =SUM(H58:H78) -> 97580.98
A80: MAI
A81: 02.05.2025 | B81: V/BBOR502215 | C81: JPC250403 & 250414 | D81: BUTIN | E81: 01.07.2025 | F81: 14097.6 | G81: 0 | H81: =F81+G81 -> 14097.6 | I81: Payé le 30.06.2025 pour échéance-Avoir nº501931 déduit
A82: 02.05.2025 | B82: V/BBOR502216 | C82: JPC250324,0406,0409,0411,0417,0420 | D82: BUTIN | E82: 01.07.2025 | F82: 2801.9 | G82: 0 | H82: =F82+G82 -> 2801.9 | I82: Payé le 30.06.2025
A83: 13.05.2025 | B83: FAOO9529 | C83: JPC250502 | D83: REVIPLAST | E83: 27.06.2025 | F83: 3273.6 | G83: =F83*0.2 -> 654.72 | H83: =F83+G83 -> 3928.32 | I83: Payé le 07.07.2025
A84: 19.05.2025 | B84: FA009547 | C84: JPC250506 | D84: REVIPLAST | E84: 03.07.2025 | F84: 3270.4 | G84: =F84*0.2 -> 654.08 | H84: =F84+G84 -> 3924.48 | I84: Payé le 07.07.2025
A85: 23.05.2025 | B85: FA114554 | C85: BRM Avril 2025 | D85: DEFEAUS HERMES | E85: 30.06.2025 | F85: 44 | G85: =F85*0.2 -> 8.8 | H85: =F85+G85 -> 52.8 | I85: Payé le 30.06.2025
A86: 28.05.2025 | B86: FA009570 | C86: JPC250514 | D86: REVIPLAST | E86: 12.07.2025 | F86: 318.4 | G86: =F86*0.2 -> 63.68 | H86: =F86+G86 -> 382.08 | I86: Payé le 16.07.2025
A87: 28.05.2025 | B87: FA009571 | C87: JPC250513 | D87: REVIPLAST | E87: 12.07.2025 | F87: 3702.4 | G87: =F87*0.2 -> 740.48 | H87: =F87+G87 -> 4442.88 | I87: Payé le 16.07.2025
A88: 30.05.2025 | B88: 2505-0689 | C88: JPC250503 | D88: VACHER | E88: 15.07.2025 | F88: 10496.99 | G88: 2099.4 | H88: =F88+G88 -> 12596.39 | I88: Payé le 16.07.2025
A89: 31.05.2025 | B89: 5250184 | C89: JPC250507 | D89: FER | E89: 30.06.2025 | F89: 4147.5 | G89: 0 | H89: =F89+G89 -> 4147.5 | I89: Payé le 30.06.2025
A90: 31.05.2025 | B90: RC0525143 | C90: JPC250505 | D90: DCDIS CORBIE | E90: 30.06.2025 | F90: 470.58 | G90: =F90*0.2 -> 94.116 | H90: =F90+G90 -> 564.696 | I90: Payé le 30.06.2025
A91: TOTAL | F91: =SUM(F81:F90) -> 42623.37 | G91: =SUM(G81:G90) -> 4315.276 | H91: =SUM(H81:H90) -> 46938.646
A92: JUIN
A93: 06.06.2025 | B93: FA009653 | C93: JPC250604 | D93: REVIPLAST | E93: 21.07.2025 | F93: 3530.65 | G93: =F93*0.2 -> 706.13 | H93: =F93+G93 -> 4236.78 | I93: Payé le 21.07.2025
A94: 16.06.2025 | B94: FA009669 | C94: JPC250609 | D94: REVIPLAST | E94: 31.07.2025 | F94: 3510.05 | G94: =F94*0.2 -> 702.01 | H94: =F94+G94 -> 4212.06 | I94: Payé le 28.07.2025 pour échéance
A95: 18.06.2025 | B95: 903165 | C95: JPC250615 | D95: ARFP | E95: 15.08.2025 | F95: 1589.2 | G95: 0 | H95: =F95+G95 -> 1589.2 | I95: Payé le 20.08.2025
A96: 23.06.2025 | B96: 6250008 | C96: JPC250608 | D96: FER | E96: 23.07.2025 | F96: 3914 | G96: 0 | H96: =F96+G96 -> 3914 | I96: Payé le 21.07.2025 pour échéance
A97: 23.06.2025 | B97: BIV-F-2506-0765 | C97: JPC250601 | D97: VACHER | E97: 15.08.2025 | F97: 10247.6 | G97: 2049.52 | H97: =F97+G97 -> 12297.12 | I97: Payé le 20.08.2025
A98: 23.06.2025 | B98: FA009678 | C98: JPC250619 | D98: REVIPLAST | E98: 07.08.2025 | F98: 3226.67 | G98: 645.33 | H98: =F98+G98 -> 3872 | I98: Payé le 05.08.2025 pour échéance
A99: 26.06.2025 | B99: FA009689 | C99: JPC250501 | D99: REVIPLAST | E99: 10.08.2025 | F99: 9679.23 | G99: =F99*0.2 -> 1935.846 | H99: =F99+G99 -> 11615.076 | I99: Payé le 11.08.2025
A100: 30.06.2025 | B100: 903187 | C100: JPC250510 | D100: ARFP-BAF POUBELLE BEAUVAIS | E100: 15.08.2025 | F100: 1068.42 | G100: 9.52 | H100: =F100+G100 -> 1077.94 | I100: Payé le 20.08.2025
A101: 30.06.2025 | B101: 903176 | C101: JPC250617 | D101: ARFP | E101: 15.08.2025 | F101: 3294 | G101: 0 | H101: =F101+G101 -> 3294 | I101: Payé le 20.08.2025
A102: 30.06.2025 | B102: 903184 | C102: JPC250606 | D102: ARFP | E102: 15.08.2025 | F102: 7910.26 | G102: 0 | H102: =F102+G102 -> 7910.26 | I102: Payé le 25.09.2025 - AV 903237
...

Sheet TRANSPORTEURS
A1: TRANSPORTEURS
A3: Date doc. | B3: N° Facture | C3: TRANSPORTEURS | D3: Échéances | E3: Montant HT | F3: TVA | G3: TTC | H3: Commentaires
A5: JANVIER
A6: 13.01.2025 | B6: 2322500004 | C6: PERRENOT TCV | D6: 12.02.2025 | E6: 650 | F6: =E6*20% -> 130 | G6: =SUM(E6:F6) -> 780 | H6: Payé le 10.02.2025 pour échéance-JPC250101
A7: 20.01.2025 | B7: 2322500055 | C7: TCV PERRENOT | D7: 19.02.2025 | E7: 735 | F7: =E7*20% -> 147 | G7: =SUM(E7:F7) -> 882 | H7: Payé le 19.02.2025-JPC250102
A8: 20.01.2025 | B8: 2025-0266 | C8: LAMBERT TVSL | D8: 19.02.2025 | E8: 812 | F8: 0 | G8: 812 | H8: Payé le 19.02.2025-SL250107
A9: 27.01.2025 | B9: 2322500141 | C9: TCV PERRENOT | D9: 26.02.2025 | E9: 1115 | F9: =E9*20% -> 223 | G9: =SUM(E9:F9) -> 1338 | H9: Payé le 24.02.20215 pour échéance-JPC250105, SL250108
A10: 29.01.2025 | B10: 250100077 | C10: EUROFRANCE | D10: 28.02.2025 | E10: 1200 | F10: =E10*20% -> 240 | G10: =SUM(E10:F10) -> 1440 | H10: Payé le 24.02.20215 pour échéance-JPC250104
A11: 30.01.2025 | B11: 250.332 Hoja | C11: DELTA DIVISION | D11: 28.02.2025 | E11: 1250 | F11: 0 | G11: 1250 | H11: Payé le 24.02.20215 pour échéance-SL250112
A12: 31.01.2025 | B12: 2322500178 | C12: TCV PERRENOT | D12: 02.03.2025 | E12: 650 | F12: =E12*20% -> 130 | G12: =SUM(E12:F12) -> 780 | H12: Payé le 03.03.2025-JPC250106
A13: 31.01.2025 | B13: 250100218 | C13: FERTRANS | D13: 02.03.2025 | E13: 5414 | F13: =E13*20% -> 1082.8 | G13: =SUM(E13:F13) -> 6496.8 | H13: Payé le 03.03.2025-SL250101, Echantillons PE Roto Reviplast/Neveux, SL240212, SL250104, SL250114, Envoi BB monteux, SL250116, SL250109,JPC250103, SL250115, SL250117
A14: 31.01.2025 | B14: 903052 | C14: ARFP | D14: 15.03.2025 | E14: 275 | F14: =E14*20% -> 55 | G14: =SUM(E14:F14) -> 330 | H14: Payé le 24.03.2025-Facturation de 50 big-bags pour Eureausources Monteux
A15: 31.01.2025 | B15: B2501300 | C15: LMIF | D15: 28.02.2025 | E15: 564.58 | F15: =E15*20% -> 112.916 | G15: =SUM(E15:F15) -> 677.496 | H15: Payé le 24.02.20215 pour échéance-Echange Papi du 09.01.2025 + PC Bonbonnes Eureausources du 22.01.2025
A16: 31.01.2025 | B16: B2501301 | C16: LMIF | D16: 28.02.2025 | E16: 978 | F16: =E16*20% -> 195.6 | G16: =SUM(E16:F16) -> 1173.6 | H16: Payé le 24.02.20215 pour échéance-SL250103, SL250106, SL250110,SL250113
A17: 31.01.2025 | B17: P/BBOR500263 | C17: BUTIN SEDIC | D17: 01.04.2025 | E17: 2935.54 | F17: =E17*20% -> 587.108 | G17: =SUM(E17:F17) -> 3522.648 | H17: Payé le 08.04.2025- Prestations Janvier Eureausources Marolles
A18: 31.01.2025 | B18: P/BBOR500130 | C18: BUTIN SEDIC | D18: 01.04.2025 | E18: 1240.4 | F18: =E18*20% -> 248.08 | G18: =SUM(E18:F18) -> 1488.48 | H18: Payé le 31.03.2025-Prestations Février DEFEAUS - AVOIR N° P/BBOR500261 déduit le 08.04
A19: 31.01.2025 | B19: P/BBOR500261 | C19: BUTIN SEDIC | D19: 01.04.2025 | E19: -150.92 | F19: =E19*20% -> -30.184 | G19: =SUM(E19:F19) -> -181.104 | H19: Avoir DÉDUIT le 08.04 sur facture n° P/BBOR500130 -
A20: 31.01.2025 | B20: B2501347 | C20: LMIF | D20: 28.02.2025 | E20: 230.87 | F20: 46.17 | G20: 277.04 | H20: Payé le 24.02.20215 pour échéance-Enlèvement bonbonnes PC eureausource du 29.01
A21: TOTAL | E21: =SUM(E6:E20) -> 17899.47 | F21: =SUM(F6:F20) -> 3167.49 | G21: =SUM(G6:G20) -> 21066.96
A22: FEVRIER
A23: 10.02.2025 | B23: 2322500282 | C23: PERRENOT TCV | D23: 12.03.2025 | E23: 735 | F23: =E23*20% -> 147 | G23: =SUM(E23:F23) -> 882 | H23: Payé le 10.03.2025 pour échéance-JPC250201
A24: 18.02.2025 | B24: 2322500342 | C24: PERRENOT TCV | D24: 20.03.2025 | E24: 380 | F24: 76 | G24: =E24+F24 -> 456 | H24: Payé le 24.03.2025-SL250209
A25: 21.02.2025 | B25: 250.569 Hoja | C25: DELTA DIVISION | D25: 21.03.2025 | E25: 1250 | F25: 0 | G25: =E25+F25 -> 1250 | H25: Payé le 24.03.2025-SL250212
A26: 24.02.2025 | B26: 2322500362 | C26: PERRENOT TCV | D26: 26.03.2025 | E26: 735 | F26: 147 | G26: =E26+F26 -> 882 | H26: Payé le 24.03.2025-JPC250202
A27: 28.02.2025 | B27: 2322500464 | C27: TCV | D27: 30.03.2025 | E27: 2065 | F27: =E27*0.2 -> 413 | G27: =E27+F27 -> 2478 | H27: Payé le 31.03.2025-JPC250207 & JPC250302
A28: 28.02.2025 | B28: 250200540 | C28: FERTRANS | D28: 30.03.2025 | E28: 4230 | F28: 846 | G28: 5076 | H28: Payé le 31.03.2025-SL250204,06,03,02,07 & JPC250203
A29: 28.02.2025 | B29: P/BBOR500779 | C29: BUTIN SEDIC | D29: 29.04.2025 | E29: 3395.44 | F29: 679.09 | G29: =E29+F29 -> 4074.53 | H29: Payé le 28.04.2025-Déductoin faite de 3522,65 €, suite double règlement-Prestations Février EUREAUSOURCE MAROLLES
A30: 28.02.2025 | B30: P/BBOR500778 | C30: BUTIN SEDIC | D30: 29.04.2025 | E30: 766.3 | F30: 153.26 | G30: =E30+F30 -> 919.56 | H30: Payé le 28.04.2025-Prestation Février DEFEAUS HERMES
A31: 28.02.2025 | B31: 20250226 | C31: PILLON | D31: 30.03.2025 | E31: 330 | F31: =E31*0.2 -> 66 | G31: =E31+F31 -> 396 | H31: Payé le 31.03.2025-Transport Agglo Beauvais-ARFP du 06.02.2025
A32: 28.02.2025 | B32: B2502251 | C32: LMIF | D32: 30.03.2025 | E32: 1100 | F32: =E32*0.2 -> 220 | G32: =E32+F32 -> 1320 | H32: Payé le 31.03.2025-SL250205,10,13 & JPC250206,05
A33: 28.02.2025 | B33: B2502250 | C33: LMIF | D33: 30.03.2025 | E33: 332.95 | F33: =E33*0.2 -> 66.59 | G33: =E33+F33 -> 399.54 | H33: Payé le 31.03.2025-Échange PAPI du 05.02.2025
A34: 28.02.2025 | B34: 2025-02-00727 | C34: LAMBERT | D34: 31.03.2025 | E34: 400 | F34: 0 | G34: =E34+F34 -> 400 | H34: Payé le 22.04.2025-SL250214
A35: TOTAL | E35: =SUM(E23:E34) -> 15719.69 | F35: =SUM(F23:F34) -> 2813.94 | G35: =SUM(G23:G34) -> 18533.63
A36: MARS
A37: 10.03.2025 | B37: 2322500526 | C37: TCV | D37: 09.04.2025 | E37: 1765 | F37: 353 | G37: =E37+F37 -> 2118 | H37: Payé le 08.04.2025-JPC250301, 250305 & 250307
A38: 10.03.2025 | B38: 2025-03-0049 | C38: LAMBERT | D38: 24.04.2025 | E38: 400 | F38: 0 | G38: =E38+F38 -> 400 | H38: Payé le 22.04.2025-JPC250306
A39: 17.03.2025 | B39: 2322500563 | C39: TCV | D39: 16.04.2025 | E39: 3095 | F39: 619 | G39: 3714 | H39: Payé le 14.04.2025-JPC250304,14,10,13 et JPC250311
A40: 24.03.2025 | B40: 2322500614 | C40: TCV | D40: 23.04.2025 | E40: 735 | F40: 147 | G40: =E40+F40 -> 882 | H40: Payé le 22.04.2025-JPC250320
A41: 31.03.2025 | B41: 2322500640 | C41: TCV | D41: 30.04.2025 | E41: 650 | F41: =E41*0.2 -> 130 | G41: =E41+F41 -> 780 | H41: Payé le 05.05.2025-JPC250314
A42: 31.03.2025 | B42: 250300791 | C42: FERTRANS | D42: 30.04.2025 | E42: 1957 | F42: =E42*0.2 -> 391.4 | G42: =E42+F42 -> 2348.4 | H42: Payé le 05.05.2025-JPC250309, 250308, 250318, 250312
A43: 31.03.2025 | B43: B2503167 | C43: LMIF | D43: 30.04.2025 | E43: 958.44 | F43: =E43*0.2 -> 191.688 | G43: =E43+F43 -> 1150.128 | H43: Payé le 05.05.2025-JPC250317, 250316 et 250322
A44: 31.03.2025 | B44: B2503219 | C44: LMIF | D44: 30.04.2025 | E44: 660 | F44: 132 | G44: =E44+F44 -> 792 | H44: Payé le 05.05.2025-JPC250315, JPC250319 & JPC250321
A45: 31.03.2025 | B45: 032995 | C45: PIHEN | D45: 30.04.2025 | E45: 350 | F45: 70 | G45: =E45+F45 -> 420 | H45: Payé le 05.05.2025-JPC250323
A46: 31.03.2025 | B46: P/BBOR501314 | C46: BUTIN SEDIC | D46: 31.05.2025 | E46: 749.2 | F46: =E46*0.2 -> 149.84 | G46: =E46+F46 -> 899.04 | H46: Payé le 02.06.2025-Prestations Mars EUREAUSOURCE MAROLLES
A47: 31.03.2025 | B47: P/BBOR501315 | C47: BUTIN SEDIC | D47: 31.05.2025 | E47: 2428.9 | F47: =E47*0.2 -> 485.78 | G47: =E47+F47 -> 2914.68 | H47: Payé le 02.06.2025-Déduit 1307,38 €, suite double règlement-Prestation Mars DEFEAUS HERMES
A48: TOTAL | E48: =SUM(E37:E47) -> 13748.54 | F48: =SUM(F37:F47) -> 2669.708 | G48: =SUM(G37:G47) -> 16418.248
A49: AVRIL
A50: 09.04.2025 | B50: 2322500753 | C50: TCV | D50: 09.05.2025 | E50: 450 | F50: 90 | G50: =E50+F50 -> 540 | H50: Payé le 12.05.2025-JPC250403
A51: 14.04.2025 | B51: 2322500777 | C51: TCV | D51: 14.05.2025 | E51: 3365 | F51: 673 | G51: 4038 | H51: Payé le 12.05.2025 pour échéance-JPC250402, 250401, 250405 & JPC250408
A52: 22.04.2025 | B52: 2322500824 | C52: TCV | D52: 22.05.2025 | E52: 735 | F52: =E52*0.2 -> 147 | G52: =E52+F52 -> 882 | H52: JPC250410-Payé le 20.05.2025 pour échéance
A53: 22.04.2025 | B53: 2322500822 | C53: TCV | D53: 22.05.2025 | E53: 350 | F53: =E53*0.2 -> 70 | G53: =E53+F53 -> 420 | H53: JPC250404-Payé le 20.05.2025 pour échéance
A54: 28.04.2025 | B54: 2322500848 | C54: TCV | D54: 28.05.2025 | E54: 1185 | F54: =E54*0.2 -> 237 | G54: =E54+F54 -> 1422 | H54: Payé le 26.05.2025 pour échéance - JPC250414 & JPC250415
A55: 30.04.2025 | B55: 2322500911 | C55: TCV | D55: 30.05.2025 | E55: 960 | F55: 192 | G55: =E55+F55 -> 1152 | H55: Payé le 02.06.2025-JPC250416 & JPC250418
A56: 30.04.2025 | B56: B2504143 | C56: LMIF | D56: 30.05.2025 | E56: 1100 | F56: =E56*0.2 -> 220 | G56: =E56+F56 -> 1320 | H56: Payé le 02.06.2025-JPC250324, 250406, 250411, 250417 & 250420
A57: 30.04.2025 | B57: B2504142 | C57: LMIF | D57: 30.05.2025 | E57: 648.34 | F57: =E57*0.2 -> 129.668 | G57: =E57+F57 -> 778.008 | H57: JPC250407 & JPC250412-Attention déduire avoir B2504175 !
A58: 30.04.2025 | B58: 250401048 | C58: FERTRANS | D58: 30.05.2025 | E58: 2475 | F58: =E58*0.2 -> 495 | G58: =E58+F58 -> 2970 | H58: Payé le 02.06.2025-Valorbat, JPC250409, JPC250413 & JPC250419
A59: 30.04.2025 | B59: B2504175 | C59: LMIF | D59: IMMÉDIAT | E59: -648.34 | F59: -129.67 | G59: =E59+F59 -> -778.01 | H59: Avoir s/facture nº B2504142
A60: 30.04.2025 | B60: B2504176 | C60: LMIF | D60: 30.05.2025 | E60: 636 | F60: =E60*0.2 -> 127.2 | G60: =E60+F60 -> 763.2 | H60: Payé le 02.06.2025-JPC250407 & JPC250412
A61: 30.04.2025 | B61: P/BBOR501889 | C61: BUTIN | D61: 29.06.2025 | E61: 739.6 | F61: =E61*0.2 -> 147.92 | G61: =E61+F61 -> 887.52 | H61: Payé le 30.06.2025-Prestation DEFEAUS AVRIL
A62: 30.04.2025 | B62: P/BBOR501896 | C62: BUTIN | D62: 29.06.2025 | E62: 3021.22 | F62: =E62*0.2 -> 604.244 | G62: =E62+F62 -> 3625.464 | H62: Payé le 30.06.2025-Prestation AVRIL EUREAU-SOURCES MAROLLES
A63: TOTAL | E63: =SUM(E50:E62) -> 15016.82 | F63: =SUM(F50:F62) -> 3003.362 | G63: =SUM(G50:G62) -> 18020.182
A64: MAI
A65: 19.05.2025 | B65: 2322500992 | C65: TCV | D65: 18.06.2025 | E65: 785 | F65: =E65*0.2 -> 157 | G65: =E65+F65 -> 942 | H65: Payé le 16.06.2025 pour échéance-JPC250502
A66: 26.05.2025 | B66: 2322501038 | C66: TCV | D66: 25.06.2025 | E66: 2515 | F66: =E66*0.2 -> 503 | G66: =E66+F66 -> 3018 | H66: Payé le 07.07.2025
A67: 31.05.2025 | B67: B2505147 | C67: LMIF | D67: 30.06.2025 | E67: 758 | F67: 151.6 | G67: =E67+F67 -> 909.6 | H67: Payé le 30.06.2025-JPC250504, 250508, 250512
A68: 31.05.2025 | B68: 250501443 | C68: FERTRANS | D68: 30.06.2025 | E68: 1760 | F68: 352 | G68: =E68+F68 -> 2112 | H68: Payé le 30.06.2025-JPC250511, 250513, 250514
A69: TOTAL | E69: =SUM(E65:E68) -> 5818 | F69: =SUM(F65:F68) -> 1163.6 | G69: =SUM(G65:G68) -> 6981.6
A70: JUIIN
A71: 02.06.2025 | B71: P/BBOR502474 | C71: BUTIN | D71: 01.08.2025 | E71: 1841.26 | F71: =E71*0.2 -> 368.252 | G71: =E71+F71 -> 2209.512 | H71: Payé le 05.08.2025-PRESTATION MAI HERMES
A72: 02.06.2025 | B72: P/BBOR502475 | C72: BUTIN | D72: 01.08.2025 | E72: 2819.14 | F72: =E72*0.2 -> 563.828 | G72: =E72+F72 -> 3382.968 | H72: Payé le 05.08.2025-PRESTATION MAI MAROLLES
A73: 16.06.2025 | B73: 232501218 | C73: TCV | D73: 16.07.2025 | E73: 830 | F73: 166 | G73: 996 | H73: Payé le 16.07.2025-JPC250609
A74: 23.06.2025 | B74: 2322501252 | C74: TCV | D74: 23.07.2025 | E74: 1710 | F74: 342 | G74: =E74+F74 -> 2052 | H74: Payé le 21.07.2025 pour échéance - JPC250608, 250601, 250610
A75: 30.06.2025 | B75: 2322501327 | C75: TCV | D75: 30.07.2025 | E75: 830 | F75: =E75*0.2 -> 166 | G75: =E75+F75 -> 996 | H75: Payé le 28.07.2025 pour échéance
A76: 30.06.2025 | B76: F_2025_06_1 | C76: PILLON | D76: 30.07.2025 | E76: 330 | F76: 66 | G76: =E76+F76 -> 396 | H76: Payé le 28.07.2025 pour échéance-AGGLO BEAUVAIS-POUBELLES
A77: 30.06.2025 | B77: B2506194 | C77: LMIF | D77: 30.07.2025 | E77: 1320 | F77: 264 | G77: 1584 | H77: Payé le 28.07.2025 pour échéance-JPC250603,05,12,13,16&21
A78: 30.06.2025 | B78: 250601704 | C78: FERTRANS | D78: 30.07.2025 | E78: 2600 | F78: =E78*0.2 -> 520 | G78: =E78+F78 -> 3120 | H78: Payé le 28.07.2025 pour échéance-JPC250604
A79: 30.06.2025 | B79: P/BBOR502957 | C79: BUTIN | D79: 29.08.2025 | E79: 1019.509 | F79: =E79*0.2 -> 203.9018 | G79: =E79+F79 -> 1223.4108 | H79: Payé le 02.09.2025-PRESTATION JUIN HERMES
A80: 30.06.2025 | B80: P/BBOR502956 | C80: BUTIN | D80: 29.08.2025 | E80: 3328.72 | F80: =E80*0.2 -> 665.744 | G80: =E80+F80 -> 3994.464 | H80: Payé le 02.09.2025-PRESTATION JUIN MAROLLES
A81: 30.06.2025 | B81: B2506195 | C81: LMIF | D81: 30.07.2025 | E81: 2254.59 | F81: 450.92 | G81: =E81+F81 -> 2705.51 | H81: Payé le 11.08.2025-JPC250614, 0615, 0610,018,0617, 0618BIS, 0620
A82: TOTAL | E82: =SUM(E71:E81) -> 18883.219 | F82: =SUM(F71:F81) -> 3776.6458 | G82: =SUM(G71:G81) -> 22659.865
A83: JUILLET 2024
A84: 15.07.2025 | B84: 2322501447 | C84: TCV | D84: 14.08.2025 | E84: 1930 | F84: 386 | G84: =E84+F84 -> 2316 | H84: PAYER 1920 € correspondant : 2316 € - AV 2322502214 de 396 € ! suite PB SUR LIVRAISON NEVEUX-JPC250704, JPC250607
A85: 31.07.2025 | B85: B2507138 | C85: LMIF | D85: 30.08.2025 | E85: 1320 | F85: =E85*0.2 -> 264 | G85: =E85+F85 -> 1584 | H85: Payé le 01.09.2025-JPC250707, 250708, 250710, 250713, 250716 & 250718
A86: 31.07.2025 | B86: B2507139 | C86: LMIF | D86: 31.08.2025 | E86: 1216.45 | F86: =E86*0.2 -> 243.29 | G86: =E86+F86 -> 1459.74 | H86: Facture annulée par avoir nºB2507169
A87: 31.07.2025 | B87: B2507169 | C87: LMIF | D87: IMMÉDIAT | E87: -1216.45 | F87: =E87*0.2 -> -243.29 | G87: =E87+F87 -> -1459.74 | H87: AVOIR s/facture B2507139
A88: 31.07.2025 | B88: B2507170 | C88: LMIF | D88: 30.08.2025 | E88: 1174.75 | F88: 234.95 | G88: =E88+F88 -> 1409.7 | H88: Payé le 01.09.2025-JPC250703, 250712 & 12 BIS
A89: 31.07.2025 | B89: B2507265 | C89: LMIF | D89: IMMEDIAT | E89: -116.62 | F89: -23.32 | G89: =E89+F89 -> -139.94 | H89: Déduit le 11.08.2025 - AVOIR s/facture B2506195
A90: 31.07.2025 | B90: B2507267 | C90: LMIF | D90: IMMEDIAT | E90: -65.22 | F90: -13.04 | G90: =E90+F90 -> -78.26 | H90: Déduit le 11.08.2025 - AVOIR s/facture B2506195
A91: 31.07.2025 | B91: 250702242 | C91: FERTRANS | D91: 30.08.2025 | E91: 7160 | F91: =E91*0.2 -> 1432 | G91: =E91+F91 -> 8592 | H91: Payé le 01.09.2025-JPC250702,06,09,01,05,14,11,15 & 250717
A92: TOTAL | E92: =SUM(E84:E91) -> 11402.91 | F92: =SUM(F84:F91) -> 2280.59 | G92: =SUM(G84:G91) -> 13683.5
A93: AOUT 2024
A94: 31.08.2025 | B94: 250802476 | C94: FERTRANS | D94: 30.09.2025 | E94: 5090 | F94: =E94*0.2 -> 1018 | G94: =E94+F94 -> 6108 | H94: Payé le 21.10.2025, avoir 251003150 déduit - JPC250805,0804, 0811,0815,0814,0812,0813,0803
A95: 31.08.2025 | B95: B2508097 | C95: LMIF | D95: 30.09.2025 | E95: 1286.16 | F95: 257.23 | G95: =E95+F95 -> 1543.39 | H95: Payé le 30.09.2025 - JPC250807, 0802, 0808, 0809, 0816
A96: 31.08.2025 | B96: B2508240 | C96: LMIF | D96: 30.09.2025 | E96: -228.16 | F96: -45.63 | G96: -273.79 | H96: Déduit le 30.09.2025 - Avoir sur facture B2508240
A97: TOTAL | E97: =SUM(E94:E96) -> 6148 | F97: =SUM(F94:F96) -> 1229.6 | G97: =SUM(G94:G96) -> 7377.6
A98: SEPTEMBRE 2024
A99: 01.09.2025 | B99: 23225011769 | C99: TCV | D99: IMMEDIAT | E99: -190 | F99: -38 | G99: -228 | H99: Avoir S/Facture nº2322501447 annulé suite fact.2322502213
A100: 30.09.2025 | B100: 250902834 | C100: FERTRANS | D100: 30.10.2025 | E100: 9689 | F100: 1937.8 | G100: =E100+F100 -> 11626.8 | H100: Payé le 28.10.2025 pour échéance-JPC250801, 0904,0907, 0810, 0912, 0902, 0913, 0911, 0915, 0916 0924, 0922, 0921 & JPC250918
A101: 30.09.2025 | B101: 2025_09_23 | C101: PILLON | D101: 30.10.2025 | E101: 330 | F101: 66 | G101: =E101+F101 -> 396 | H101: Payé le 28.10.2025 pour échéance-JPC250901
A102: 30.09.2025 | B102: B2509255 | C102: LMIF | D102: 30.10.2025 | E102: 2987.26 | F102: =E102*0.2 -> 597.452 | G102: =E102+F102 -> 3584.712 | H102: ATTENTION ne pas payer attente avoir s/T.GO-JPC250905,0910,0919,0914,0912,0920
...

Sheet Frais GÉ
A1: FRAIS GÉNÉRAUX
A3: Date doc. | B3: N° Facture | C3: TRANSPORTS/PRESTAIRES | D3: Échéances | E3: Montant HT | F3: TVA | G3: TTC | H3: Réglé | I3: Commentaires
A5: JANVIER
A6: 01.01.2025 | B6: 202501-01600 | C6: AHTLON MOBIFLEET | D6: 01.01.2025 | E6: 845.59 | F6: 169.12 | G6: =SUM(E6:F6) -> 1014.71 | H6: X | I6: Prélèvement
A7: 07.01.2025 | B7: 27022 | C7: FCN ACES | D7: 31/01 - 28/02 | E7: 1059.99 | F7: =E7*20% -> 211.998 | G7: =SUM(E7:F7) -> 1271.988 | H7: X | I7: Prélèvements selon les échéances ( 1x 636 Euros et 1 x 635,99 Euros)
A8: 14.01.2025 | B8: 25004033 | C8: SANTÉ au TRAVAIL 72 | D8: 15.02.2025 | E8: 254 | F8: =E8*0.2 -> 50.8 | G8: =E8+F8 -> 304.8 | H8: X | I8: Payé le 14.01.2025
A9: 28.01.2025 | C9: NDF JPC - Janvier 2025 | D9: Imméditat | E9: 169.44 | F9: 28.53 | G9: =E9+F9 -> 197.97 | H9: X | I9: Payé le 28.01.2025
A10: 31.01.2025 | C10: NDF Séverine - Janvier 2025 | D10: Immédiat | E10: 403.37 | F10: 80.68 | G10: =E10+F10 -> 484.05 | H10: X | I10: Payé le 04.02.2025
A11: 31.01.2025 | B11: 10654774 | C11: FEDEX EXPRESS | D11: 02.03.2025 | E11: 65.99 | F11: 13.2 | G11: =SUM(E11:F11) -> 79.19 | H11: X | I11: Echantillons (PP, PS) RAVAGO du 07.01.2025 - Prélèvement au 02.03.2025
A12: 31.01.2025 | B12: 202501 3 58262 | C12: FEDEX EXPRESS | D12: 15.02.2025 | E12: 4 | F12: =E12*20% -> 0.8 | G12: =SUM(E12:F12) -> 4.8 | H12: X | I12: Frais pour facture non dématérialisée
A13: 31.01.2025 | B13: 202501 31 1054243 | C13: FEDEX EXPRESS | D13: 15.02.2025 | E13: 58.61 | F13: 11.72 | G13: =SUM(E13:F13) -> 70.33 | H13: X | I13: Prélèvement au 15.O2 // Echantillons ARFP -> NEVEUX (Roto)
A15: TOTAL | E15: =SUM(E6:E14) -> 2860.99 | F15: =SUM(F6:F14) -> 566.848 | G15: =SUM(G6:G14) -> 3427.838
A16: FEVRIER
A17: 01.02.2025 | B17: 20250201458 | C17: MOBIFLEET | D17: 01.02.2025 | E17: 845,59 | F17: 169,12 | G17: 1014.71 | H17: X | I17: Prelevé
A18: 28.02.2025 | C18: NDF JPC Février 2025 | D18: Immediat | E18: 470.74 | F18: 21.71 | G18: 492.45 | H18: X | I18: Payé le 24.02.2025
A19: 28.02.2025 | B19: 27777 | C19: FCN ACES | D19: Pélèvement | E19: 1061.99 | F19: 212.4 | G19: =E19+F19 -> 1274.39 | H19: X | I19: Provision nº2/6
A21: TOTAL | E21: =SUM(E17:E20) -> 1532.73 | F21: =SUM(F17:F20) -> 234.11 | G21: =SUM(G17:G20) -> 2781.55
A22: MARS
A23: 01.03.2025 | B23: 202503-01420 | C23: MOBIFLEET | D23: 01.03.2025 | E23: 845.59 | F23: 169.12 | G23: =E23+F23 -> 1014.71 | H23: X | I23: Prélevé le 01.03.2025
A24: 31.03.2025 | C24: NDF JPC Mars 2025 | D24: IMMEDIAT | E24: 129.39 | F24: 19.69 | G24: 149.08 | H24: X | I24: Payé le 01.04.2025
A25: 31.03.2025 | C25: NDF Sèverine | D25: IMMEDIAT | E25: 274.32 | F25: 47.83 | G25: =E25+F25 -> 322.15 | H25: X | I25: Payé le 15.04.2025
A27: TOTAL | E27: =SUM(E23:E26) -> 1249.3 | F27: =SUM(F23:F26) -> 236.64 | G27: =SUM(G23:G26) -> 1485.94
A28: AVRIL
A29: 01.04.2025 | B29: 202503-01380 | C29: MOBIFLEET | D29: 01.04.2025 | E29: 845.59 | F29: 169.12 | G29: =E29+F29 -> 1014.71 | H29: X | I29: Prélevé le 01.04.2025
A30: 08.04.2025 | B30: FAC25047348 | C30: MOULIN NEUF | D30: 08.04.2025 | E30: 300 | F30: 60 | G30: =E30+F30 -> 360 | H30: X | I30: Payé le 08.04.2025
A31: 30.04.2025 | C31: NDF JPC Avril 2025 | D31: Immédiat | E31: 357.35 | F31: 53.38 | G31: 410.73 | H31: X | I31: Payé le 30.04.2025
A33: TOTAL | E33: =SUM(E29:E32) -> 1502.94 | F33: =SUM(F29:F32) -> 282.5 | G33: =SUM(G29:G32) -> 1785.44
A34: MAI
A35: 01.05.2025 | B35: 202505-0329 | C35: MOBIFLEET | D35: IMMEDIAT | E35: 892.11 | F35: 178.42 | G35: =E35+F35 -> 1070.53 | H35: X | I35: Voitures Sté Mai
A36: 01.05.2025 | B36: 202505-04450 | C36: MOBIFLEET | D36: IMMEDIAT | E36: 2320.48 | F36: 464.1 | G36: =E36+F36 -> 2784.58 | H36: X | I36: Prélevé - réajustement Km véhicule
A37: 12.05.2025 | B37: 143000142 | C37: FCN-ACES | D37: 31.05 &31.06 | E37: 1310 | F37: 262 | G37: =E37+F37 -> 1572 | H37: X | I37: Prélevé suivant les échéances, soit 786 € X2
A38: 31.05.2025 | C38: NDF Séverine Mai2025 | D38: IMMEDIAT | E38: 45 | F38: 9 | G38: =E38+F38 -> 54 | H38: X | I38: Payé le 02.06.2025
A39: 31.05.2025 | C39: NDF JPC Mai 2025 | D39: IMMEDIAT | E39: 533.18 | F39: 37.4 | G39: =E39+F39 -> 570.58 | H39: X | I39: Payé le 01.06.2025
A41: TOTAL | E41: =SUM(E35:E40) -> 5100.77 | F41: =SUM(F35:F40) -> 950.92 | G41: =SUM(G35:G40) -> 6051.69
A42: JUIIN
A43: 01.06.2025 | B43: 202506-01277 | C43: MOBIFLEET | D43: IMMEDIAT | E43: 892.11 | F43: 178.42 | G43: =E43+F43 -> 1070.53 | H43: X | I43: Prélevé le 01.06.2025
A44: 04.06.2025 | B44: OPCO 2025 | C44: AKTO | D44: IMMEDIAT | E44: 150 | F44: 0 | G44: 150 | H44: X | I44: Payé par prélèvement
A45: 10.06.2025 | B45: 1383 | C45: DEGENEVE | D45: IMMEDIAT | E45: 90 | F45: 18 | G45: =E45+F45 -> 108 | H45: X | I45: Payé le 10.06.2025
A46: 20.06.2025 | B46: FA00008506 | C46: CARPAINT | D46: IMMEDIAT | E46: 1305 | F46: =E46*0.2 -> 261 | G46: =E46+F46 -> 1566 | H46: X | I46: Payé le 24.06.2025
A48: 30.06.2025 | C48: NDF JPC JUIN 2025 | D48: IMMEDIAT | E48: 559.95 | F48: 88.3 | G48: 648.25 | H48: X | I48: Payé le 30.06.2025
A50: TOTAL | E50: =SUM(E43:E49) -> 2997.06 | F50: =SUM(F43:F49) -> 545.72 | G50: =SUM(G43:G49) -> 3542.78
A51: JUILLET
A52: 01.07.2025 | B52: 202507-01241 | C52: MOBIFLEET | D52: 01.07.2025 | E52: 892.11 | F52: 178.42 | G52: =E52+F52 -> 1070.53 | H52: X | I52: Pélevé le 01.07.2025
A53: 01.07.2025 | B53: 1398 | C53: DEGENEVE | D53: 01.07.2025 | E53: 180 | F53: =E53*0.2 -> 36 | G53: =E53+F53 -> 216 | H53: X | I53: Payé le 01.07.2025
A54: 01.07.2025 | B54: 755 000333458 | C54: COFICABAIL | D54: 01.07.2025 | E54: 1022.89 | F54: 204.58 | G54: =E54+F54 -> 1227.47 | H54: X | I54: Prélévement
A55: 02.07.2025 | B55: 143000561 | C55: FCN Beauvais | E55: 1123.99 | F55: 224.8 | G55: =E55+F55 -> 1348.79 | H55: X | I55: Prélevé en 2 fois le 31.07 et le 31.08
A56: 15.07.2025 | B56: 143000745 | C56: FCN Beauvais Social | D56: 31.07.2025 | E56: 42 | F56: 8.4 | G56: =E56+F56 -> 50.4 | H56: X | I56: Prélévement
A57: 24.07.2025 | B57: FAC000653 | C57: CJ.COM | D57: IMMEDIAT | E57: 402 | F57: 80.4 | G57: =E57+F57 -> 482.4 | H57: X | I57: Payé le 28.07.2025
A58: 28.07.2025 | C58: NDF JPC JUILLET 2025 | D58: 28.07.2025 | E58: 593.27 | F58: 80.61 | G58: =E58+F58 -> 673.88 | H58: X | I58: Payé le 28.07.2025
A68: TOTAL | E68: =SUM(E52:E67) -> 4256.26 | F68: =SUM(F52:F67) -> 813.21 | G68: =SUM(G52:G67) -> 5069.47
A69: AOUT
A70: 01.08.2025 | B70: 202508-17488 | C70: MOBIFLEET | D70: 01.08.2025 | E70: 892.11 | F70: 178.42 | G70: =E70+F70 -> 1070.53 | H70: X | I70: Prélevement
A71: 04.08.2025 | B71: 1429 | C71: DEGENEVE | D71: 04.08.2025 | E71: 180 | F71: =E71*0.2 -> 36 | G71: =E71+F71 -> 216 | H71: X | I71: Bureau JPC - Payé le 05.08.2025
A72: 04.08.2025 | B72: 202508-24530 | C72: MOBIFLEET | D72: 04.08.2025 | E72: -509.44 | F72: -101.89 | G72: =E72+F72 -> -611.33 | H72: X | I72: Avoir s/facture 202508-17488
A73: 04.08.2025 | B73: 202508-24529 | C73: MOBIFLEET | D73: 04.08.2025 | E73: 64.62 | F73: 12.93 | G73: =E73+F73 -> 77.55 | H73: X | I73: Prélevement
A74: 05.08.2025 | B74: 202508-24862 | C74: MOBIFLEET restitution GLA | D74: 05.08.2025 | E74: 372.38 | F74: 74.48 | G74: =E74+F74 -> 446.86 | H74: X | I74: Prélevement
A75: 23.08.2025 | C75: NDF JPC AOUT 2025 | D75: IMMEDIAT | E75: 1562.5 | F75: 203.76 | G75: =E75+F75 -> 1766.26 | H75: X | I75: Payé le 23.08.2025
A76: 28.08.2025 | B76: 755000358438 | C76: COFICA BAIL DEF. | D76: IMMEDIAT | E76: 1092.89 | F76: 204.58 | G76: =E76+F76 -> 1297.47 | H76: X | I76: Prélevement
A77: 31.08.2025 | C77: NDF Sév. 06, 07 & 08.2025 | D77: IMMEDIAT | E77: 181.22 | F77: 35.62 | G77: =E77+F77 -> 216.84 | H77: X | I77: Payé le 02.09.2025
A78: 31.08.2025 | C78: NDF JPC complément Aout | D78: IMMEDIAT | E78: 183.23 | F78: 33.59 | G78: =E78+F78 -> 216.82 | H78: X | I78: Payé le 02.09.2025
A87: TOTAL | E87: =SUM(E70:E86) -> 4019.51 | F87: =SUM(F70:F86) -> 677.49 | G87: =SUM(G70:G86) -> 4697
A88: SEPTEMBRE
A89: 01.09.2025 | B89: 202509-01125 | C89: MOBIFLEET | D89: 01.08.2025 | E89: 382.67 | F89: 76.53 | G89: =E89+F89 -> 459.2 | H89: X | I89: PRÉLEVÉ
A90: 03.09.2025 | B90: 1 461 | C90: DEGENEVE | D90: IMMEDIAT | E90: 180 | F90: 36 | G90: =E90+F90 -> 216 | H90: X | I90: Payé le 03.09.2025
A91: 15.09.2025 | B91: 143001037 | C91: FCN | D91: PRELEVEMENT | E91: 1123.99 | F91: 224.8 | G91: =E91+F91 -> 1348.79 | H91: X | I91: PRELEVEMENT le 30.09 & le 31.10.2025
A92: 26.09.2025 | B92: 755000371170 | C92: COFICA BAIL | D92: PRELEVEMENT | E92: 1092.89 | F92: 204.58 | G92: =E92+F92 -> 1297.47 | H92: X | I92: Prélèvement du 06.10.2025
A93: 30.09.2025 | C93: NDF Septembre JPC | D93: IMMEDIAT | E93: 1194.94 | F93: 159.62 | G93: =E93+F93 -> 1354.56 | H93: X | I93: Payé le 30.09.2025
A106: TOTAL | E106: =SUM(E89:E105) -> 3974.49 | F106: =SUM(F89:F105) -> 701.53 | G106: =SUM(G89:G104) -> 4676.02
A107: OCTOBRE
A108: 01.10.2025 | B108: 202510-01273 | C108: MOBIFLEET | D108: IMMEDIAT | E108: 382.67 | F108: 76.53 | G108: =E108+F108 -> 459.2 | H108: X | I108: Prélevement
A109: 08.10.2025 | B109: 1 488 | C109: DEGENEVE | D109: IMMEDIAT | E109: 180 | F109: 36 | G109: =E109+F109 -> 216 | H109: X | I109: Payé le 08.10.2025
A110: 28.10.20225 | B110: 755 000384260 | C110: COFICABAIL | D110: IMMEDIAT | E110: 1092.89 | F110: 204.58 | G110: 1297.47 | H110: X | I110: Prélevement
A111: 31.10.2025 | C111: Frais Séverine Sept/Octobre | D111: IMMEDIAT | E111: 260.31 | F111: 52.05 | G111: =E111+F111 -> 312.36 | H111: X | I111: Payé le 05.11.2025
A132: TOTAL | E132: =SUM(E108:E131) -> 1915.87 | F132: =SUM(F108:F120) -> 369.16 | G132: =SUM(G108:G120) -> 2285.03
A133: NOVEMBRE
A134: 01.11.2025 | B134: 202511-01059 | C134: MOBIFLEET | D134: IMMEDIAT | E134: 382.67 | F134: 76.53 | G134: =E134+F134 -> 459.2 | H134: x | I134: Prélèvement
A135: 10.11.2025 | B135: 1 518 | C135: DEGENÈVE | D135: IMMEDIAT | E135: 180 | F135: 36 | G135: =E135+F135 -> 216 | H135: X | I135: Payé le 14.11.2025
A136: 14.11.2025 | B136: 143001394 | C136: FCN | D136: Prélèvement | E136: 1124.05 | F136: =E136*0.2 -> 224.81 | G136: =E136+F136 -> 1348.86 | H136: X | I136: Prélèvements le 30.11 & le 31.12
A137: 25.11.2025 | B137: RC MMA | C137: PREST'ASSUR | D137: IMMEDIAT | E137: 523.9 | F137: 0 | G137: =E137+F137 -> 523.9 | H137: X | I137: Payé le 25.11.2025
A138: 27.11.2025 | B138: 755000397535 | C138: COFICA BAIL | D138: IMMEDIAT | E138: 1022.89 | F138: 204.58 | G138: 1297.47 | H138: X | I138: Payé le 27.11.2025
A147: TOTAL | E147: =SUM(E134:E146) -> 3233.51 | F147: =SUM(F134:F146) -> 541.92 | G147: =SUM(G134:G146) -> 3845.43
A148: DECEMBRE
A149: 01.12.2025 | B149: 202512-01029 | C149: MOBIFLEET | D149: IMMEDIAT | E149: 382.67 | F149: 76.53 | G149: =E149+F149 -> 459.2 | H149: X | I149: Prélevement
A150: 04.12.2025 | B150: 1 534 | C150: DEGENEVE | D150: IMMEDIAT | E150: 180 | F150: =E150*0.2 -> 36 | G150: =E150+F150 -> 216 | H150: X | I150: Payé le 04.12.2025
A151: 12.12.2025 | B151: EDE48595393 | C151: MMA PRESTASSUR | D151: 01.01.2026 | E151: 2416 | F151: 0 | G151: 2416 | H151: X | I151: Payé le 07.01.2026
A152: 24.12.2025 | B152: 755000410702 | C152: COFICA BAIL | D152: IMMEDIAT | E152: 1092.89 | F152: 204.58 | G152: 1297.47 | H152: X | I152: Payé le 24.12.2025
A153: 31.12.2025 | C153: NDF JPC | D153: IMMEDIAT | E153: 1243.9 | F153: 135.21 | G153: =F153+E153 -> 1379.11 | H153: X | I153: Payé le 01.01.2025
A154: 31.12.2025 | C154: NDF SÉVERINE - NOV/DÉC | D154: IMMEDIAT | E154: 217.81 | F154: 42.58 | G154: =F154+E154 -> 260.39 | H154: X | I154: Payé le 07.01.2026
A164: TOTAL | E164: =SUM(E149:E163) -> 5533.27 | F164: =SUM(F149:F163) -> 494.9 | G164: =SUM(G149:G163) -> 6028.17

Sheet SYNTHÈSE
A1: SYNTHÈSE C.A & MARGE C0 | K1: SYNTHÈSE ACHATS
C4: CA 2024 | D4: CA 2025 | E4: % Évolution du CA | G4: Marge CO 2024 | H4: Marge CO 2025 | I4: % Évol M.CO | M4: Fournisseurs | N4: FNP | O4: Transporteurs | P4: FNP
A5: JANVIER | C5: 109693.92 | D5: =CLIENTS!F30 -> 110291.14 | E5: =(D5-C5)/C5 -> 0.0054444221 | G5: ='[1]JANVIER '!L52 -> 12665.555 | H5: =D5-(M5+N5+O5+P5) -> 20858.87 | I5: =(H5-G5)/G5 -> 0.64689743 | K5: JANVIER | M5: =FOURNISSEURS!F21 -> 65765.75 | N5: 5767.05 | O5: =TRANSPORTEURS!E21 -> 17899.47 | P5: 0
A6: FEVRIER | C6: 132158.83 | D6: =CLIENTS!F52 -> 89055.26 | E6: =(D6-C6)/C6 -> -0.32614975 | G6: =[1]FEVRIER!L76 -> 17379.702 | H6: =D6-(M6+N6+O6+P6) -> 10620.86 | I6: =(H6-G6)/G6 -> -0.38889286 | K6: FEVRIER | M6: =FOURNISSEURS!F41 -> 61776.71 | N6: 498 | O6: =TRANSPORTEURS!E35 -> 15719.69 | P6: 440
A7: MARS | C7: 60865.15 | D7: =CLIENTS!F82 -> 103829.38 | E7: =(D7-C7)/C7 -> 0.70589212 | G7: =[1]MARS!L52 -> 8021.3 | H7: =D7-(M7+N7+O7+P7) -> 35684.18 | I7: =(H7-G7)/G7 -> 3.4486779 | K7: MARS | M7: =FOURNISSEURS!F56 -> 53164.56 | N7: 1232.1 | O7: =TRANSPORTEURS!E48 -> 13748.54 | P7: 0
A8: AVRIL | C8: 132803.08 | D8: =CLIENTS!F105 -> 113575.6 | E8: =(D8-C8)/C8 -> -0.14478188 | G8: =[1]AVRIL!L70 -> 17844.567 | H8: =D8-(M8+N8+O8+P8) -> 12573.22 | I8: =(H8-G8)/G8 -> -0.29540347 | K8: AVRIL | M8: =FOURNISSEURS!F79 -> 85985.56 | N8: =TRANSPORTEURS!O47 -> 0 | O8: =TRANSPORTEURS!E63 -> 15016.82 | P8: 0
A9: MAI | C9: 48894 | D9: =CLIENTS!F120 -> 51494.24 | E9: =(D9-C9)/C9 -> 0.053181167 | G9: =[1]MAI!L32 -> 11074.855 | H9: =D9-(M9+N9+O9+P9) -> 3052.87 | I9: =(H9-G9)/G9 -> -0.72434221 | K9: MAI | M9: =FOURNISSEURS!F91 -> 42623.37 | N9: =TRANSPORTEURS!O53 -> 0 | O9: =TRANSPORTEURS!E69 -> 5818 | P9: 0
A10: JUIN | C10: 114652.67 | D10: =CLIENTS!F139 -> 86284.2 | E10: =(D10-C10)/C10 -> -0.24742965 | G10: =[1]JUIN!L84 -> 18808.763 | H10: =D10-(M10+N10+O10+P10) -> 17677.851 | I10: =(H10-G10)/G10 -> -0.060126867 | K10: JUIN | M10: =FOURNISSEURS!F104 -> 49723.13 | N10: =TRANSPORTEURS!O66 -> 0 | O10: =TRANSPORTEURS!E82 -> 18883.219 | P10: 0
A11: JUILLET | C11: 71363.67 | D11: =CLIENTS!F169 -> 93564.86 | E11: =(D11-C11)/C11 -> 0.31109933 | G11: =[1]JUILLET!L61 -> 12535.723 | H11: =D11-(M11+N11+O11+P11) -> 32438.82 | I11: =(H11-G11)/G11 -> 1.5877103 | K11: JUILLET | M11: =FOURNISSEURS!F104 -> 49723.13 | N11: 0 | O11: =TRANSPORTEURS!E92 -> 11402.91 | P11: 0
A12: AOÛT | C12: 57732.67 | D12: =CLIENTS!F185 -> 64160.43 | E12: =(D12-C12)/C12 -> 0.11133661 | G12: =[1]AOÛT!L48 -> 9064.255 | H12: =D12-(M12+N12+O12+P12) -> 5511.155 | I12: =(H12-G12)/G12 -> -0.3919903 | K12: AOÛT | M12: =FOURNISSEURS!F137 -> 52501.275 | N12: 0 | O12: =TRANSPORTEURS!E97 -> 6148 | P12: 0
A13: SEPTEMBRE | C13: 97628.78 | D13: =CLIENTS!F213 -> 118361.54 | E13: =(D13-C13)/C13 -> 0.2123632 | G13: ='[1]SEPTEMBRE '!L62 -> 18934.72 | H13: =D13-(M13+N13+O13+P13) -> 19847.67 | I13: =(H13-G13)/G13 -> 0.048215659 | K13: SEPTEMBRE | M13: =FOURNISSEURS!F160 -> 84466.87 | N13: 0 | O13: =TRANSPORTEURS!E106 -> 14047 | P13: 0
A14: OCTOBRE | C14: 95476.76 | D14: =CLIENTS!F234 -> 70110.86 | E14: =(D14-C14)/C14 -> -0.26567617 | G14: =[1]OCTOBRE!L71 -> 18004.515 | H14: =D14-(M14+N14+O14+P14) -> 15977.23 | I14: =(H14-G14)/G14 -> -0.1125987 | K14: OCTOBRE | M14: =FOURNISSEURS!F175 -> 45692.63 | N14: 0 | O14: =TRANSPORTEURS!E111 -> 8441 | P14: 0
A15: NOVEMBRE | C15: 102090.3 | D15: =[2]Avril!M74 -> 0 | E15: =(D15-C15)/C15 -> -1 | G15: =[1]NOVEMBRE!L48 -> 11760.319 | H15: =[2]Avril!L74 -> 0 | I15: =(H15-G15)/G15 -> -1 | K15: NOVEMBRE | M15: 0 | N15: 0 | P15: 0
A16: DÉCEMBRE | C16: 30387.64 | D16: =[2]Avril!M75 -> 0 | E16: {=E5:F15/12} -> 0.00045370184 | F16: 0 | G16: =[1]DÉCEMBRE!$L$34 -> 5565.04 | H16: =[2]Avril!L75 -> 0 | I16: =(H16-G16)/G16 -> -1 | K16: DÉCEMBRE | M16: 0 | N16: 0 | P16: 0
A17: TOTAL | C17: =SUM(C5:C16) -> 1053747.5 | D17: =SUM(D5:D16) -> 900727.51 | E17: -0.027179146 | F17: 0 | G17: =SUM(G5:G16) -> 161659.31 | H17: =SUM(H5:H16) -> 174242.73 | I17: {=I5:I16/12} -> 0.053908119 | K17: TOTAL | M17: =SUM(M5:M16) -> 591422.98 | N17: =SUM(N5:N16) -> 7497.15 | O17: =SUM(O5:O16) -> 127124.65
E18: 0.058824344 | F18: 0 | I18: -0.032407738
E19: -0.012065157 | F19: 0 | I19: 0.28738982
E20: 0.004431764 | F20: 0 | I20: -0.024616956
E21: -0.020619137 | F21: 0 | I21: -0.060361851
E22: 0.025924944 | F22: 0 | I22: -0.0050105723
E23: 0.0092780512 | F23: 0 | I23: 0.13230919
E24: 0.017696933 | F24: 0 | I24: -0.032665858
E25: -0.022139681 | F25: 0 | I25: 0.0040179716
E26: -0.083333333 | F26: 0 | I26: -0.0093832251
I27: -0.083333333
I28: -0.083333333

Sheet AUTRE
A1: TRANSPORTEURS - DIVERS
A4: Date doc. | B4: N° Facture | C4: TRANSPORTS/PRESTAIRES | D4: Échéances | E4: Montant HT | F4: TVA | G4: TTC | H4: Réglé | I4: Commentaires
A6: JANVIER
A7: 01.01.2025 | B7: 202501-01600 | C7: AHTLON MOBIFLEET | D7: 01.01.2025 | E7: 845.59 | F7: 169.12 | G7: =SUM(E7:F7) -> 1014.71 | H7: X | I7: Prélèvement
A8: 07.01.2025 | B8: 27022 | C8: FCN ACES | D8: 31/01 - 28/02 | E8: 1059.99 | F8: =E8*20% -> 211.998 | G8: =SUM(E8:F8) -> 1271.988 | H8: X | I8: Prélèvements selon les échéances ( 1x 636 Euros et 1 x 635,99 Euros)
A9: 13.01.2025 | B9: 2322500004 | C9: PERRENOT TCV | D9: 12.02.2025 | E9: 650 | F9: =E9*20% -> 130 | G9: =SUM(E9:F9) -> 780 | H9: X | I9: Payé le 10.02.2025 pour échéance-JPC250101
A10: 14.01.2025 | B10: 25004033 | C10: SANTÉ au TRAVAIL 72 | D10: 15.02.2025 | E10: 254 | F10: =E10*0.2 -> 50.8 | G10: =E10+F10 -> 304.8 | H10: X | I10: Payé le 14.01.2025
A11: 20.01.2025 | B11: 2322500055 | C11: TCV PERRENOT | D11: 19.02.2025 | E11: 735 | F11: =E11*20% -> 147 | G11: =SUM(E11:F11) -> 882 | H11: X | I11: Payé le 19.02.2025-JPC250102
A12: 20.01.2025 | B12: 2025-0266 | C12: LAMBERT TVSL | D12: 19.02.2025 | E12: 812 | F12: 0 | G12: 812 | H12: X | I12: Payé le 19.02.2025-SL250107
A13: 27.01.2025 | B13: 2322500141 | C13: TCV PERRENOT | D13: 26.02.2025 | E13: 1115 | F13: =E13*20% -> 223 | G13: =SUM(E13:F13) -> 1338 | H13: X | I13: Payé le 24.02.20215 pour échéance-JPC250105, SL250108
A14: 28.01.2025 | C14: NDF JPC - Janvier 2025 | D14: Imméditat | E14: 169.44 | F14: 28.53 | G14: =E14+F14 -> 197.97 | H14: X | I14: Payé le 28.01.2025
A15: 29.01.2025 | B15: 250100077 | C15: EUROFRANCE | D15: 28.02.2025 | E15: 1200 | F15: =E15*20% -> 240 | G15: =SUM(E15:F15) -> 1440 | H15: X | I15: Payé le 24.02.20215 pour échéance-JPC250104
A16: 30.01.2025 | B16: 250.332 Hoja | C16: DELTA DIVISION | D16: 28.02.2025 | E16: 1250 | F16: 0 | G16: 1250 | H16: X | I16: Payé le 24.02.20215 pour échéance-SL250112
A17: 31.01.2025 | C17: NDF Séverine - Janvier 2025 | D17: Immédiat | E17: 403.37 | F17: 80.68 | G17: =E17+F17 -> 484.05 | H17: X | I17: Payé le 04.02.2025
A18: 31.01.2025 | B18: 2322500178 | C18: TCV PERRENOT | D18: 02.03.2025 | E18: 650 | F18: =E18*20% -> 130 | G18: =SUM(E18:F18) -> 780 | H18: X | I18: Payé le 03.03.2025-JPC250106
A19: 31.01.2025 | B19: 250100218 | C19: FERTRANS | D19: 02.03.2025 | E19: 5414 | F19: =E19*20% -> 1082.8 | G19: =SUM(E19:F19) -> 6496.8 | H19: X | I19: Payé le 03.03.2025-SL250101, Echantillons PE Roto Reviplast/Neveux, SL240212, SL250104, SL250114, Envoi BB monteux, SL250116, SL250109,JPC250103, SL250115, SL250117
A20: 31.01.2025 | B20: 903052 | C20: ARFP | D20: 15.03.2025 | E20: 275 | F20: =E20*20% -> 55 | G20: =SUM(E20:F20) -> 330 | H20: X | I20: Payé le 24.03.2025-Facturation de 50 big-bags pour Eureausources Monteux
A21: 31.01.2025 | B21: 10654774 | C21: FEDEX EXPRESS | D21: 02.03.2025 | E21: 65.99 | F21: 13.2 | G21: =SUM(E21:F21) -> 79.19 | H21: X | I21: Echantillons (PP, PS) RAVAGO du 07.01.2025 - Prélèvement au 02.03.2025
A22: 31.01.2025 | B22: 202501 3 58262 | C22: FEDEX EXPRESS | D22: 15.02.2025 | E22: 4 | F22: =E22*20% -> 0.8 | G22: =SUM(E22:F22) -> 4.8 | H22: X | I22: Frais pour facture non dématérialisée
A23: 31.01.2025 | B23: 202501 31 1054243 | C23: FEDEX EXPRESS | D23: 15.02.2025 | E23: 58.61 | F23: 11.72 | G23: =SUM(E23:F23) -> 70.33 | H23: X | I23: Prélèvement au 15.O2 // Echantillons ARFP -> NEVEUX (Roto)
A24: 31.01.2025 | B24: B2501300 | C24: LMIF | D24: 28.02.2025 | E24: 564.58 | F24: =E24*20% -> 112.916 | G24: =SUM(E24:F24) -> 677.496 | H24: X | I24: Payé le 24.02.20215 pour échéance-Echange Papi du 09.01.2025 + PC Bonbonnes Eureausources du 22.01.2025
A25: 31.01.2025 | B25: B2501301 | C25: LMIF | D25: 28.02.2025 | E25: 978 | F25: =E25*20% -> 195.6 | G25: =SUM(E25:F25) -> 1173.6 | H25: X | I25: Payé le 24.02.20215 pour échéance-SL250103, SL250106, SL250110,SL250113
A26: 31.01.2025 | B26: P/BBOR500263 | C26: BUTIN SEDIC | D26: 01.04.2025 | E26: 2935.54 | F26: =E26*20% -> 587.108 | G26: =SUM(E26:F26) -> 3522.648 | H26: X | I26: Payé le 08.04.2025- Prestations Janvier Eureausources Marolles
A27: 31.01.2025 | B27: P/BBOR500130 | C27: BUTIN SEDIC | D27: 01.04.2025 | E27: 1240.4 | F27: =E27*20% -> 248.08 | G27: =SUM(E27:F27) -> 1488.48 | H27: X | I27: Payé le 31.03.2025-Prestations Février DEFEAUS - AVOIR N° P/BBOR500261 déduit le 08.04
A28: 31.01.2025 | B28: P/BBOR500261 | C28: BUTIN SEDIC | D28: 01.04.2025 | E28: -150.92 | F28: =E28*20% -> -30.184 | G28: =SUM(E28:F28) -> -181.104 | H28: X | I28: Avoir DÉDUIT le 08.04 sur facture n° P/BBOR500130 -
A29: 31.01.2025 | B29: B2501347 | C29: LMIF | D29: 28.02.2025 | E29: 230.87 | F29: 46.17 | G29: 277.04 | H29: X | I29: Payé le 24.02.20215 pour échéance-Enlèvement bonbonnes PC eureausource du 29.01
C31: TOTAL | E31: =SUM(E7:E30) -> 20760.46 | F31: =SUM(F7:F30) -> 3734.338 | G31: =SUM(G7:G30) -> 24494.798
A32: FEVRIER
A33: 01.02.2025 | B33: 20250201458 | C33: MOBIFLEET | D33: 01.02.2025 | E33: 845,59 | F33: 169,12 | G33: 1014.71 | H33: X | I33: Prelevé
A34: 10.02.2025 | B34: 2322500282 | C34: PERRENOT TCV | D34: 12.03.2025 | E34: 735 | F34: =E34*20% -> 147 | G34: =SUM(E34:F34) -> 882 | H34: X | I34: Payé le 10.03.2025 pour échéance-JPC250201
A35: 18.02.2025 | B35: 2322500342 | C35: PERRENOT TCV | D35: 20.03.2025 | E35: 380 | F35: 76 | G35: =E35+F35 -> 456 | H35: X | I35: Payé le 24.03.2025-SL250209
A36: 21.02.2025 | B36: 250.569 Hoja | C36: DELTA DIVISION | D36: 21.03.2025 | E36: 1250 | F36: 0 | G36: =E36+F36 -> 1250 | H36: X | I36: Payé le 24.03.2025-SL250212
A37: 24.02.2025 | B37: 2322500362 | C37: PERRENOT TCV | D37: 26.03.2025 | E37: 735 | F37: 147 | G37: =E37+F37 -> 882 | H37: X | I37: Payé le 24.03.2025-JPC250202
A38: 28.02.2025 | C38: NDF JPC Février 2025 | D38: Immediat | E38: 470.74 | F38: 21.71 | G38: 492.45 | H38: X | I38: Payé le 24.02.2025
A39: 28.02.2025 | B39: 2322500464 | C39: TCV | D39: 30.03.2025 | E39: 2065 | F39: =E39*0.2 -> 413 | G39: =E39+F39 -> 2478 | H39: X | I39: Payé le 31.03.2025-JPC250207 & JPC250302
A40: 28.02.2025 | B40: 250200540 | C40: FERTRANS | D40: 30.03.2025 | E40: 4230 | F40: 846 | G40: 5076 | H40: X | I40: Payé le 31.03.2025-SL250204,06,03,02,07 & JPC250203
A41: 28.02.2025 | B41: 27777 | C41: FCN ACES | D41: Pélèvement | E41: 1061.99 | F41: 212.4 | G41: =E41+F41 -> 1274.39 | H41: X | I41: Provision nº2/6
A42: 28.02.2025 | B42: P/BBOR500779 | C42: BUTIN SEDIC | D42: 29.04.2025 | E42: 3395.44 | F42: 679.09 | G42: =E42+F42 -> 4074.53 | H42: X | I42: Payé le 28.04.2025-Déductoin faite de 3522,65 €, suite double règlement-Prestations Février EUREAUSOURCE MAROLLES
A43: 28.02.2025 | B43: P/BBOR500778 | C43: BUTIN SEDIC | D43: 29.04.2025 | E43: 766.3 | F43: 153.26 | G43: =E43+F43 -> 919.56 | H43: X | I43: Payé le 28.04.2025-Prestation Février DEFEAUS HERMES
A44: 28.02.2025 | B44: 20250226 | C44: PILLON | D44: 30.03.2025 | E44: 330 | F44: =E44*0.2 -> 66 | G44: =E44+F44 -> 396 | H44: X | I44: Payé le 31.03.2025-Transport Agglo Beauvais-ARFP du 06.02.2025
A45: 28.02.2025 | B45: B2502251 | C45: LMIF | D45: 30.03.2025 | E45: 1100 | F45: =E45*0.2 -> 220 | G45: =E45+F45 -> 1320 | H45: X | I45: Payé le 31.03.2025-SL250205,10,13 & JPC250206,05
A46: 28.02.2025 | B46: B2502250 | C46: LMIF | D46: 30.03.2025 | E46: 332.95 | F46: =E46*0.2 -> 66.59 | G46: =E46+F46 -> 399.54 | H46: X | I46: Payé le 31.03.2025-Échange PAPI du 05.02.2025
A47: 28.02.2025 | B47: 2025-02-00727 | C47: LAMBERT | D47: 31.03.2025 | E47: 400 | F47: 0 | G47: =E47+F47 -> 400 | H47: X | I47: Payé le 22.04.2025-SL250214
C49: TOTAL | E49: =SUM(E33:E48) -> 17252.42 | F49: =SUM(F33:F48) -> 3048.05 | G49: =SUM(G33:G48) -> 21315.18
A50: MARS
A51: 01.03.2025 | B51: 202503-01420 | C51: MOBIFLEET | D51: 01.03.2025 | E51: 845.59 | F51: 169.12 | G51: =E51+F51 -> 1014.71 | H51: X | I51: Prélevé le 01.03.2025
A52: 10.03.2025 | B52: 2322500526 | C52: TCV | D52: 09.04.2025 | E52: 1765 | F52: 353 | G52: =E52+F52 -> 2118 | H52: X | I52: Payé le 08.04.2025-JPC250301, 250305 & 250307
A53: 10.03.2025 | B53: 2025-03-0049 | C53: LAMBERT | D53: 24.04.2025 | E53: 400 | F53: 0 | G53: =E53+F53 -> 400 | H53: X | I53: Payé le 22.04.2025-JPC250306
A54: 17.03.2025 | B54: 2322500563 | C54: TCV | D54: 16.04.2025 | E54: 3095 | F54: 619 | G54: 3714 | H54: X | I54: Payé le 14.04.2025-JPC250304,14,10,13 et JPC250311
A55: 24.03.2025 | B55: 2322500614 | C55: TCV | D55: 23.04.2025 | E55: 735 | F55: 147 | G55: =E55+F55 -> 882 | H55: X | I55: Payé le 22.04.2025-JPC250320
A56: 31.03.2025 | B56: 2322500640 | C56: TCV | D56: 30.04.2025 | E56: 650 | F56: =E56*0.2 -> 130 | G56: =E56+F56 -> 780 | H56: X | I56: Payé le 05.05.2025-JPC250314
A57: 31.03.2025 | C57: NDF JPC Mars 2025 | D57: IMMEDIAT | E57: 129.39 | F57: 19.69 | G57: 149.08 | H57: X | I57: Payé le 01.04.2025
A58: 31.03.2025 | B58: 250300791 | C58: FERTRANS | D58: 30.04.2025 | E58: 1957 | F58: =E58*0.2 -> 391.4 | G58: =E58+F58 -> 2348.4 | H58: X | I58: Payé le 05.05.2025-JPC250309, 250308, 250318, 250312
A59: 31.03.2025 | B59: B2503167 | C59: LMIF | D59: 30.04.2025 | E59: 958.44 | F59: =E59*0.2 -> 191.688 | G59: =E59+F59 -> 1150.128 | H59: X | I59: Payé le 05.05.2025-JPC250317, 250316 et 250322
A60: 31.03.2025 | B60: B2503219 | C60: LMIF | D60: 30.04.2025 | E60: 660 | F60: 132 | G60: =E60+F60 -> 792 | H60: X | I60: Payé le 05.05.2025-JPC250315, JPC250319 & JPC250321
A61: 31.03.2025 | B61: 032995 | C61: PIHEN | D61: 30.04.2025 | E61: 350 | F61: 70 | G61: =E61+F61 -> 420 | H61: X | I61: Payé le 05.05.2025-JPC250323
A62: 31.03.2025 | B62: P/BBOR501314 | C62: BUTIN SEDIC | D62: 31.05.2025 | E62: 749.2 | F62: =E62*0.2 -> 149.84 | G62: =E62+F62 -> 899.04 | H62: X | I62: Payé le 02.06.2025-Prestations Mars EUREAUSOURCE MAROLLES
A63: 31.03.2025 | B63: P/BBOR501315 | C63: BUTIN SEDIC | D63: 31.05.2025 | E63: 2428.9 | F63: =E63*0.2 -> 485.78 | G63: =E63+F63 -> 2914.68 | H63: X | I63: Payé le 02.06.2025-Déduit 1307,38 €, suite double règlement-Prestation Mars DEFEAUS HERMES
A64: 31.03.2025 | C64: NDF Sèverine | D64: IMMEDIAT | E64: 274.32 | F64: 47.83 | G64: =E64+F64 -> 322.15 | H64: X | I64: Payé le 15.04.2025
C66: TOTAL | E66: =SUM(E51:E65) -> 14997.84 | F66: =SUM(F51:F65) -> 2906.348 | G66: =SUM(G51:G65) -> 17904.188
A67: AVRIL
A68: 01.04.2025 | B68: 202503-01380 | C68: MOBIFLEET | D68: 01.04.2025 | E68: 845.59 | F68: 169.12 | G68: =E68+F68 -> 1014.71 | H68: X | I68: Prélevé le 01.04.2025
A69: 08.04.2025 | B69: FAC25047348 | C69: MOULIN NEUF | D69: 08.04.2025 | E69: 300 | F69: 60 | G69: =E69+F69 -> 360 | H69: X | I69: Payé le 08.04.2025
A70: 09.04.2025 | B70: 2322500753 | C70: TCV | D70: 09.05.2025 | E70: 450 | F70: 90 | G70: =E70+F70 -> 540 | H70: X | I70: Payé le 12.05.2025-JPC250403
A71: 14.04.2025 | B71: 2322500777 | C71: TCV | D71: 14.05.2025 | E71: 3365 | F71: 673 | G71: 4038 | H71: X | I71: Payé le 12.05.2025 pour échéance-JPC250402, 250401, 250405 & JPC250408
A72: 22.04.2025 | B72: 2322500824 | C72: TCV | D72: 22.05.2025 | E72: 735 | F72: =E72*0.2 -> 147 | G72: =E72+F72 -> 882 | H72: X | I72: JPC250410-Payé le 20.05.2025 pour échéance
A73: 22.04.2025 | B73: 2322500822 | C73: TCV | D73: 22.05.2025 | E73: 350 | F73: =E73*0.2 -> 70 | G73: =E73+F73 -> 420 | H73: X | I73: JPC250404-Payé le 20.05.2025 pour échéance
A74: 28.04.2025 | B74: 2322500848 | C74: TCV | D74: 28.05.2025 | E74: 1185 | F74: =E74*0.2 -> 237 | G74: =E74+F74 -> 1422 | H74: X | I74: Payé le 26.05.2025 pour échéance - JPC250414 & JPC250415
A75: 30.04.2025 | C75: NDF JPC Avril 2025 | D75: Immédiat | E75: 357.35 | F75: 53.38 | G75: 410.73 | H75: X | I75: Payé le 30.04.2025
A76: 30.04.2025 | B76: 2322500911 | C76: TCV | D76: 30.05.2025 | E76: 960 | F76: 192 | G76: =E76+F76 -> 1152 | H76: X | I76: Payé le 02.06.2025-JPC250416 & JPC250418
A77: 30.04.2025 | B77: B2504143 | C77: LMIF | D77: 30.05.2025 | E77: 1100 | F77: =E77*0.2 -> 220 | G77: =E77+F77 -> 1320 | H77: X | I77: Payé le 02.06.2025-JPC250324, 250406, 250411, 250417 & 250420
A78: 30.04.2025 | B78: B2504142 | C78: LMIF | D78: 30.05.2025 | E78: 648.34 | F78: =E78*0.2 -> 129.668 | G78: =E78+F78 -> 778.008 | H78: X | I78: JPC250407 & JPC250412-Attention déduire avoir B2504175 !
A79: 30.04.2025 | B79: 250401048 | C79: FERTRANS | D79: 30.05.2025 | E79: 2475 | F79: =E79*0.2 -> 495 | G79: =E79+F79 -> 2970 | H79: X | I79: Payé le 02.06.2025-Valorbat, JPC250409, JPC250413 & JPC250419
A80: 30.04.2025 | B80: B2504175 | C80: LMIF | D80: IMMÉDIAT | E80: -648.34 | F80: -129.67 | G80: =E80+F80 -> -778.01 | H80: X | I80: Avoir s/facture nº B2504142
A81: 30.04.2025 | B81: B2504176 | C81: LMIF | D81: 30.05.2025 | E81: 636 | F81: =E81*0.2 -> 127.2 | G81: =E81+F81 -> 763.2 | H81: X | I81: Payé le 02.06.2025-JPC250407 & JPC250412
A82: 30.04.2025 | B82: P/BBOR501889 | C82: BUTIN | D82: 29.06.2025 | E82: 739.6 | F82: =E82*0.2 -> 147.92 | G82: =E82+F82 -> 887.52 | H82: X | I82: Payé le 30.06.2025-Prestation DEFEAUS AVRIL
A83: 30.04.2025 | B83: P/BBOR501896 | C83: BUTIN | D83: 29.06.2025 | E83: 3021.22 | F83: =E83*0.2 -> 604.244 | G83: =E83+F83 -> 3625.464 | H83: X | I83: Payé le 30.06.2025-Prestation AVRIL EUREAU-SOURCES MAROLLES
C85: TOTAL | E85: =SUM(E68:E84) -> 16519.76 | F85: =SUM(F68:F84) -> 3285.862 | G85: =SUM(G68:G84) -> 19805.622
A86: MAI
A87: 01.05.2025 | B87: 202505-0329 | C87: MOBIFLEET | D87: IMMEDIAT | E87: 892.11 | F87: 178.42 | G87: =E87+F87 -> 1070.53 | H87: X | I87: Voitures Sté Mai
A88: 01.05.2025 | B88: 202505-04450 | C88: MOBIFLEET | D88: IMMEDIAT | E88: 2320.48 | F88: 464.1 | G88: =E88+F88 -> 2784.58 | H88: X | I88: Prélevé - réajustement Km véhicule
A89: 12.05.2025 | B89: 143000142 | C89: FCN-ACES | D89: 31.05 &31.06 | E89: 1310 | F89: 262 | G89: =E89+F89 -> 1572 | H89: X | I89: Prélevé suivant les échéances, soit 786 € X2
A90: 19.05.2025 | B90: 2322500992 | C90: TCV | D90: 18.06.2025 | E90: 785 | F90: =E90*0.2 -> 157 | G90: =E90+F90 -> 942 | H90: X | I90: Payé le 16.06.2025 pour échéance-JPC250502
A91: 26.05.2025 | B91: 2322501038 | C91: TCV | D91: 25.06.2025 | E91: 2515 | F91: =E91*0.2 -> 503 | G91: =E91+F91 -> 3018 | H91: X | I91: Payé le 07.07.2025
A92: 31.05.2025 | C92: NDF Séverine Mai2025 | D92: IMMEDIAT | E92: 45 | F92: 9 | G92: =E92+F92 -> 54 | H92: X | I92: Payé le 02.06.2025
A93: 31.05.2025 | C93: NDF JPC Mai 2025 | D93: IMMEDIAT | E93: 533.18 | F93: 37.4 | G93: =E93+F93 -> 570.58 | H93: X | I93: Payé le 01.06.2025
A94: 31.05.2025 | B94: B2505147 | C94: LMIF | D94: 30.06.2025 | E94: 758 | F94: 151.6 | G94: =E94+F94 -> 909.6 | H94: X | I94: Payé le 30.06.2025-JPC250504, 250508, 250512
A95: 31.05.2025 | B95: 250501443 | C95: FERTRANS | D95: 30.06.2025 | E95: 1760 | F95: 352 | G95: =E95+F95 -> 2112 | H95: X | I95: Payé le 30.06.2025-JPC250511, 250513, 250514
C99: TOTAL | E99: =SUM(E87:E98) -> 10918.77 | F99: =SUM(F87:F98) -> 2114.52 | G99: =SUM(G87:G98) -> 13033.29
A100: JUIIN
A101: 01.06.2025 | B101: 202506-01277 | C101: MOBIFLEET | D101: IMMEDIAT | E101: 892.11 | F101: 178.42 | G101: =E101+F101 -> 1070.53 | H101: X | I101: Prélevé le 01.06.2025
A102: 02.06.2025 | B102: P/BBOR502474 | C102: BUTIN | D102: 01.08.2025 | E102: 1841.26 | F102: =E102*0.2 -> 368.252 | G102: =E102+F102 -> 2209.512 | I102: PRESTATION MAI HERMES
A103: 02.06.2025 | B103: P/BBOR502475 | C103: BUTIN | D103: 01.08.2025 | E103: 2819.14 | F103: =E103*0.2 -> 563.828 | G103: =E103+F103 -> 3382.968 | I103: PRESTATION MAI MAROLLES
A104: 04.06.2025 | B104: OPCO 2025 | C104: AKTO | D104: IMMEDIAT | E104: 150 | F104: 0 | G104: 150 | H104: X | I104: Payé par prélèvement
A105: 10.06.2025 | B105: 1383 | C105: DEGENEVE | D105: IMMEDIAT | E105: 90 | F105: 18 | G105: =E105+F105 -> 108 | H105: X | I105: Payé le 10.06.2025
A106: 16.06.2025 | B106: 232501218 | C106: TCV | D106: 16.07.2025 | E106: 830 | F106: 166 | G106: 996 | H106: X | I106: Payé le 16.07.2025-JPC250609
A107: 20.06.2025 | B107: FA00008506 | C107: CARPAINT | D107: IMMEDIAT | E107: 1305 | F107: =E107*0.2 -> 261 | G107: =E107+F107 -> 1566 | H107: X | I107: Payé le 24.06.2025
A108: 23.06.2025 | B108: 2322501252 | C108: TCV | D108: 23.07.2025 | E108: 1710 | F108: 342 | G108: =E108+F108 -> 2052 | H108: X | I108: Payé le 21.07.2025 pour échéance - JPC250608, 250601, 250610
A110: 30.06.2025 | B110: 2322501327 | C110: TCV | D110: 30.07.2025 | E110: 830 | F110: =E110*0.2 -> 166 | G110: =E110+F110 -> 996
A111: 30.06.2025 | C111: NDF JPC JUIN 2025 | D111: IMMEDIAT | E111: 559.95 | F111: 88.3 | G111: 648.25 | H111: X | I111: Payé le 30.06.2025
...
